Workbook
Name Constr: '25178'!$A$7
Name Constr: '25179.'!$A$7
Name Constr: '25180'!$A$7
Name Constr: '25181.'!$A$7
Name Constr: '25262'!$A$7
Name Constr: '25263'!$A$7
Name FOT: '25178'!$D$13
Name FOT: '25179.'!$D$14
Name FOT: '25180'!$D$16
Name FOT: '25181.'!$D$13
Name FOT: '25262'!$D$13
Name FOT: '25263'!$D$16
Name Ind: '25178'!$H$9
Name Ind: '25179.'!$H$9
Name Ind: '25180'!#REF!
Name Ind: '25181.'!$H$9
Name Ind: '25262'!$H$9
Name Ind: '25263'!$H$9
Name Obj: '25178'!#REF!
Name Obj: '25179.'!$E$12
Name Obj: '25180'!$E$9
Name Obj: '25181.'!#REF!
Name Obj: '25262'!#REF!
Name Obj: '25263'!$E$12
Name Obosn: '25178'!#REF!
Name Obosn: '25179.'!#REF!
Name Obosn: '25180'!$D$14
Name Obosn: '25181.'!#REF!
Name Obosn: '25262'!#REF!
Name Obosn: '25263'!$D$14
Name SmPr: '25178'!$D$12
Name SmPr: '25179.'!$D$13
Name SmPr: '25180'!$D$15
Name SmPr: '25181.'!$D$12
Name SmPr: '25262'!$D$12
Name SmPr: '25263'!$D$15
Name аааааппппппрррппппппп: #REF!
Name аараооооооооооооо: #REF!
Name автом: #REF!
Name алшрльоплварл: #REF!
Name аолвлддддддддддддддддввввввввв: #REF!
Name апарв: #REF!
Name апрлдджаоырыфрпопрлпрлпрлп: #REF!
Name арлггаджаш: #REF!
Name ароррбллтблпроорапииас: #REF!
Name арррррблллпдрлдддддддддд: #REF!
Name варпаааааааааа: #REF!
Name ввпьььььлднд: #REF!
Name вед: #REF!
Name вертикальная: #REF!
Name вертикплан: #REF!
Name волен: #REF!
Name вп: #REF!
Name впырпфдыпл: #REF!
Name впьглорьтитттттттттт: #REF!
Name всввввввввввввввввввввввввв: #REF!
Name выб: #REF!
Name выпуск: #REF!
Name выьлепвввввпмп: #REF!
Name еваопродолжэрщэрзшщщх: #REF!

Sheet 25178
A1: СОГЛАСОВАНО: | E1: ФГУП "Комбинат "Электрохимприбор" | M1: УТВЕРЖДАЮ:
G2: (наименование стройки) | M2: Зам. генерального директора
A3: _____________________________ | M3: Е.В.Гордеев
A4: " _____ " ________________ 2014г. | G4: ЛОКАЛЬНЫЙ СМЕТНЫЙ РАСЧЕТ № 25178-П14
G5: (взамен сметы 25178) | M5: "______ " __________2014 г.
C7: на | D7: строительно-монтажные работы по реконструкции помещений 225,225а (санпропускника)
D8: Площадка 3 Здание 106/118, пом 225,255а (инв.№ 6101000) Раздел: Водопровод, канализация.
H9: (наименование работ и затрат, наименование объекта)
D11: Основание: Проект № 24781-13-ВК КПМ Ц6053.518; ПМ №518-46/87-ДСП
D12: Сметная стоимость строительных работ _______________________________________________________________________________________________ | J12: ___________________________18,651 | L12: тыс. руб.
D13: Средства на оплату труда _______________________________________________________________________________________________ | J13: ___________________________2,386 | L13: тыс. руб.
D14: Сметная трудоемкость _______________________________________________________________________________________________ | J14: _______________________________________________________________________________________________168,96 | L14: чел.час
D15: Материалы ___________________________________________________________ | J15: =J74/1000 -> 11.009 | L15: тыс.руб.
D16: Составлен(а) в базовых ценах 2001г. в редакции 2009г.
A18: № пп | B18: Обоснование | C18: Наименование | D18: Ед. изм. | E18: Кол. | F18: Стоимость единицы, руб. | J18: Общая стоимость, руб. | N18: Т/з осн. раб.на ед. | O18: Т/з осн. раб. Всего | P18: Т/з мех. на ед. | Q18: Т/з мех. Всего
F19: Всего | G19: В том числе | J19: Всего | K19: В том числе
G20: Осн.З/п | H20: Эк.Маш | I20: З/пМех | K20: Осн.З/п | L20: Эк.Маш | M20: З/пМех
A21: 1 | B21: 2 | C21: 3 | D21: 4 | E21: 5 | F21: 6 | G21: 7 | H21: 8 | I21: 9 | J21: 10 | K21: 11 | L21: 12 | M21: 13 | N21: 14 | O21: 15 | P21: 16 | Q21: 17
A22: Раздел 1. Разборка.
A23: 1 | B23: ТЕРр65-3-6 | C23: Снятие смесителя с душевой сеткой | D23: 100 шт. арматуры | E23: 0.01 | F23: 696.26 | G23: 691.42 | H23: 4.84 | I23: 1.87 | J23: 7 | K23: 7 | N23: 57.57 | O23: 0.58 | P23: 0.12
A24: 2 | B24: ТЕРр65-4-1 | C24: Демонтаж умывальников и раковин | D24: 100 приборов | E24: 0.01 | F24: 626.59 | G24: 616.11 | H24: 10.48 | I24: 4.06 | J24: 6 | K24: 6 | N24: 51.3 | O24: 0.51 | P24: 0.26
A25: 3 | B25: ТЕРр65-1-2 | C25: Разборка трубопроводов из водогазопроводных труб диаметром до 63 мм | D25: 100 м | E25: 0.1 | F25: 831.21 | G25: 698.15 | H25: 13.92 | I25: 2.66 | J25: 83 | K25: 70 | L25: 1 | N25: 59.62 | O25: 5.96 | P25: 0.17 | Q25: 0.02
A26: 4 | B26: ТЕРр65-1-1 | C26: Разборка трубопроводов из водогазопроводных труб диаметром до 32 мм | D26: 100 м | E26: 0.08 | F26: 483.12 | G26: 405.87 | H26: 8.12 | I26: 1.56 | J26: 39 | K26: 32 | L26: 1 | N26: 34.66 | O26: 2.77 | P26: 0.1 | Q26: 0.01
A27: Раздел 2. Водопровод.
A28: 5 | B28: ТЕР16-02-002-02 | C28: Прокладка трубопроводов водоснабжения из стальных водогазопроводных оцинкованных труб диаметром 20 мм | D28: 100 м | E28: 0.41 | F28: 5654.2 | G28: 502.3 | H28: 79.16 | I28: 2.73 | J28: 2318 | K28: 206 | L28: 32 | M28: 1 | N28: 37.07 | O28: 15.2 | P28: 0.15 | Q28: 0.06
A29: 6 | B29: ТЕР16-02-002-01 | C29: Прокладка трубопроводов водоснабжения из стальных водогазопроводных оцинкованных труб диаметром 15 мм | D29: 100 м | E29: 0.38 | F29: 5020.27 | G29: 502.3 | H29: 79.16 | I29: 2.73 | J29: 1908 | K29: 191 | L29: 30 | M29: 1 | N29: 37.07 | O29: 14.09 | P29: 0.15 | Q29: 0.06
A30: 7 | B30: ТСЦ-301-1224 | C30: Крепления для трубопроводов: кронштейны, планки, хомуты | D30: кг | E30: 15.8 | F30: 17.02 | J30: 269
A31: 8 | B31: ТСЦ-302-1831 | C31: Кран шаровой муфтовый 11Б27П1, диаметром 15 мм | D31: шт. | E31: 7 | F31: 25.14 | J31: 176
A32: 9 | B32: ТСЦ-302-1342 | C32: Вентили проходные муфтовые 15кч18п для воды давлением 1,6 МПа (16 кгс/см2), диаметром 20 мм | D32: шт. | E32: 3 | F32: 27.25 | J32: 82
A33: 10 | B33: ТЕР16-07-003-02 | C33: Врезка в действующие внутренние сети трубопроводов отопления и водоснабжения диаметром 20 мм | D33: 1 врезка | E33: 1 | F33: 107.91 | G33: 62.31 | H33: 5.56 | J33: 108 | K33: 62 | L33: 6 | N33: 4.46 | O33: 4.46
A34: 11 | B34: ТЕР16-07-003-01 | C34: Врезка в действующие внутренние сети трубопроводов отопления и водоснабжения диаметром 15 мм | D34: 1 врезка | E34: 1 | F34: 104.6 | G34: 62.31 | H34: 5.56 | J34: 105 | K34: 62 | L34: 6 | N34: 4.46 | O34: 4.46
A35: 12 | B35: ТЕР16-07-005-01 | C35: Гидравлическое испытание трубопроводов систем отопления, водопровода и горячего водоснабжения диаметром до 50 мм | D35: 100 м | E35: 0.79 | F35: 104.4 | G35: 82.16 | H35: 15.29 | J35: 82 | K35: 65 | L35: 12 | N35: 5.01 | O35: 3.96
A36: 13 | B36: ТЕР15-04-030-04 | C36: Масляная окраска металлических труб диаметром менее 50 мм, количество окрасок 2 | D36: 100 м2 | E36: 0.095 | F36: 1384.09 | G36: 886.83 | H36: 3.68 | I36: 0.16 | J36: 131 | K36: 84 | N36: 71.06 | O36: 6.75 | P36: 0.01
A37: Раздел 3. Канализация.
A38: 14 | B38: ТЕР16-04-001-02 прим. | C38: Прокладка трубопроводов канализации из полиэтиленовых труб высокой плотности диаметром 110 мм (с учетом тройников,отводов,крестовин,прочисток) | D38: 100 м | E38: 0.052 | F38: 8610.79 | G38: 860.55 | H38: 36.81 | I38: 1.09 | J38: 448 | K38: 45 | L38: 2 | N38: 61.6 | O38: 3.2 | P38: 0.06
A39: 15 | B39: ТЕР16-04-001-01 | C39: Прокладка трубопроводов канализации из полиэтиленовых труб высокой плотности диаметром 50 мм (с учетом тройников, отводов, прочисток) | D39: 100 м | E39: 0.134 | F39: 5197.98 | G39: 897.43 | H39: 15.84 | I39: 0.36 | J39: 697 | K39: 120 | L39: 2 | N39: 64.24 | O39: 8.61 | P39: 0.02
A40: 16 | B40: ТЕР16-02-005-05 | C40: Прокладка трубопроводов отопления и водоснабжения из стальных электросварных труб диаметром 100 мм (с учетом тройников,отводов,прочисток и заглушек) | D40: 100 м | E40: 0.216 | F40: 12101.59 | G40: 1097.36 | H40: 278 | I40: 6.73 | J40: 2614 | K40: 237 | L40: 60 | M40: 1 | N40: 79.75 | O40: 17.23 | P40: 0.37 | Q40: 0.08
A41: 17 | B41: ТСЦ-301-1224 | C41: Крепления для трубопроводов: кронштейны, планки, хомуты | D41: кг | E41: 3.72 | F41: 17.02 | J41: 63
A42: 18 | B42: ФССЦ-103-0936 | C42: Муфты диаметром 100 мм КОЭФ. К ПОЗИЦИИ: Проведение расценок ФЕР к территориальному уровню (Письмо УРЦЦС Ц-297 от 12.04.2011) ОЗП=1,41; ЭМ=1,242; ЗПМ=1,41; МАТ=1,052 | D42: шт. | E42: 2 | F42: 30.78 | J42: 62
A43: 19 | B43: ТЕР17-01-001-14 | C43: Установка умывальников одиночных с подводкой холодной и горячей воды | D43: 10 компл. | E43: 0.2 | F43: 407.19 | G43: 293.36 | H43: 29.83 | I43: 2.03 | J43: 81 | K43: 59 | L43: 6 | N43: 21.65 | O43: 4.33 | P43: 0.13 | Q43: 0.03
A44: 20 | B44: ТСЦ-301-0647 | C44: Умывальники с смесителем с нижней камерой смешивания, кронштейнами, сифоном бутылочным латунным и выпуском, овальные | D44: компл. | E44: 2 | F44: 269.82 | J44: 540
A45: 21 | B45: ТЕР17-01-001-18 | C45: Установка поддонов душевых чугунных и стальных мелких | D45: 10 компл. | E45: 1 | F45: 315.54 | G45: 147.56 | H45: 76.95 | I45: 3.59 | J45: 316 | K45: 148 | L45: 77 | M45: 4 | N45: 10.89 | O45: 10.89 | P45: 0.23 | Q45: 0.23
A46: Уд | B46: 1. 301-0539 | C46: Поддоны душевые | D46: компл. | E46: 10 10 | F46: 499.81 | J46: 4998.1
A47: 22 | B47: ТСЦ-301-0540 | C47: Поддоны душевые эмалированные стальные мелкие с сифоном, латунным выпуском | D47: компл. | E47: 1 | F47: 657.51 | J47: 658
A48: 23 | B48: ТЕР17-01-002-03 | C48: Установка смесителей | D48: 10 шт. | E48: 0.3 | F48: 112.27 | G48: 94.85 | H48: 0.29 | J48: 34 | K48: 28 | N48: 7 | O48: 2.1
A49: Уд | B49: 1. 301-1527 | C49: Смесители латунный с гальванопокрытием для мойки настольный, с верхней камерой смешения | D49: шт. | E49: 10 3 | F49: 113.38 | J49: 340.14
A50: 24 | B50: ТСЦ-301-0625 | C50: Смесители для душевых установок с душевой сеткой на гибком шланге с фарфоровым корпусом | D50: компл. | E50: 3 | F50: 165.88 | J50: 498
A51: 25 | B51: ТЕР17-01-001-23 | C51: Установка трапов диаметром 100 мм | D51: 10 компл. | E51: 0.2 | F51: 2317.01 | G51: 118.83 | H51: 24.77 | I51: 1.56 | J51: 463 | K51: 24 | L51: 5 | N51: 8.77 | O51: 1.75 | P51: 0.1 | Q51: 0.02
A52: 26 | B52: ТЕР16-02-007-04 | C52: Установка фланцевых соединений на стальных трубопроводах диаметром 100 мм | D52: 1 соединение | E52: 2 | F52: 247.37 | G52: 20.4 | H52: 7.82 | J52: 495 | K52: 41 | L52: 16 | N52: 1.46 | O52: 2.92
A53: 27 | B53: ТЕР16-07-004-02 | C53: Врезка в действующие внутренние сети трубопроводов канализации диаметром 100 мм | D53: 1 врезка | E53: 1 | F53: 199.38 | G53: 107.37 | H53: 1.09 | J53: 199 | K53: 107 | L53: 1 | N53: 8.94 | O53: 8.94
A54: 28 | B54: ТЕР16-07-003-06 | C54: Врезка в действующие внутренние сети трубопроводов отопления и водоснабжения диаметром 50 мм | D54: 1 врезка | E54: 1 | F54: 473.69 | G54: 87.13 | H54: 9.43 | I54: 0.18 | J54: 474 | K54: 87 | L54: 9 | N54: 6.43 | O54: 6.43 | P54: 0.01 | Q54: 0.01
A55: Итого прямые затраты по смете в ценах 2001г. | J55: 12956 | K55: 1681 | L55: 266 | M55: 7 | O55: 125.14 | Q55: 0.52
A56: Итого прямые затраты по смете с учетом коэффициентов к итогам | J56: 13782 | K56: 2375 | L56: 398 | M56: 11 | O56: 168.96 | Q56: 0.76
A57: В том числе, справочно:
A58: Районный к-т 4,3% (Поз. 1-6, 10-12, 14-16, 19, 21, 23, 25-28, 13) | J58: 73 | K58: 72
A59: При реконструкции зданий и сооружений работы, аналогичные технологическим процессам в новом строительстве ОЗП=1,15; ЭМ=1,25; ЗПМ=1,25; ТЗ=1,15; ТЗМ=1,25 (Поз. 5-6, 10-12, 14-16, 19, 21, 23, 25-28, 13) | J59: 311 | K59: 245 | L59: 66 | M59: 2 | O59: 17.298 | Q59: 0.1225
A60: Условия производства работ ОЗП=1,2; ЭМ=1,2; ЗПМ=1,2; ТЗ=1,2; ТЗМ=1,2 (Поз. 5-6, 10-12, 14-16, 19, 21, 23, 25-28, 13) | J60: 442 | K60: 376 | L60: 66 | M60: 2 | O60: 26.524 | Q60: 0.122
A61: Накладные расходы | J61: 2962
A62: В том числе, справочно:
A63: 74% ФОТ (от 120) (Поз. 1-4) | J63: 89
A64: 105% ФОТ (от 121) (Поз. 13) | J64: 127
A65: 128% ФОТ (от 2145) (Поз. 5-6, 10-12, 14-16, 19, 21, 23, 25-28) | J65: 2746
A66: Сметная прибыль | J66: 1907
A67: В том числе, справочно:
A68: 50% ФОТ (от 120) (Поз. 1-4) | J68: 60
A69: 55% ФОТ (от 121) (Поз. 13) | J69: 67
A70: 83% ФОТ (от 2145) (Поз. 5-6, 10-12, 14-16, 19, 21, 23, 25-28) | J70: 1780
A71: Итоги по смете:
A72: Итого | J72: 18651 | O72: 168.96 | Q72: 0.76
A73: В том числе:
A74: Материалы | J74: 11009
A75: Машины и механизмы | J75: =398-M56 -> 387
A76: ФОТ | J76: 2386
A77: Накладные расходы | J77: 2962
A78: Сметная прибыль | J78: 1907
A79: ВСЕГО по смете | J79: 18651 | O79: 168.96 | Q79: 0.76
B81: Примечание: материал от разборки, пригодный для дальнейшего использования, передается балансодержателю по акту.
B83: Начальник отд.078 _________________________Т.М.Ковязина | I83: Составил инженер-сметчик __________________ Н.А.Батаева
I84: 24.02.14г.
I85: Ведущий инженер отд.078____________________ В.В.Воронкова

Sheet 25179.
A1: СОГЛАСОВАНО: | E1: ФГУП "Комбинат "Электрохимприбор" | M1: УТВЕРЖДАЮ:
G2: (наименование стройки) | M2: Зам.генерального директора
A3: _________________ | N3: Е.В. Гордеев
A4: " _____ " ________________ 2014 г. | M4: __________________
G5: ЛОКАЛЬНЫЙ СМЕТНЫЙ РАСЧЕТ № 25179 | M5: "______ " __________2014 г.
G6: (локальная смета)
C8: на | D8: Реконструкцию помещений 225,225а (санпропускники) в здании 106, обустройство помещений для
D9: хранения СИЗ, кладовых грязной и чистой спецодежды. Раздел: архитектурно-строительный. Инв.№6101000
D10: (наименование работ и затрат, наименование объекта)
D12: Основание: проект № 24757-13-АС, тема КПМ Ц6053.518
D13: Сметная стоимость строительных работ _______________________________________________________________________________________________ | J13: ___________________________207,059 | L13: тыс. руб.
D14: Средства на оплату труда _______________________________________________________________________________________________ | J14: ___________________________41,213 | L14: тыс. руб.
D15: Сметная трудоемкость _______________________________________________________________________________________________ | J15: _______________________________________________________________________________________________2797,75 | L15: чел.час
D16: Материалы _________________________________________________________ | K16: =J163/1000 -> 92.56 | L16: тыс. руб.
D17: Составлен(а) в базовых ценах 2001г. в редакции 2009г.
A19: № пп | B19: Обоснование | C19: Наименование | D19: Ед. изм. | E19: Кол. | F19: Стоимость единицы, руб. | J19: Общая стоимость, руб. | N19: Т/з осн. раб.на ед. | O19: Т/з осн. раб. Всего | P19: Т/з мех. на ед. | Q19: Т/з мех. Всего
F20: Всего | G20: В том числе | J20: Всего | K20: В том числе
G21: Осн.З/п | H21: Эк.Маш | I21: З/пМех | K21: Осн.З/п | L21: Эк.Маш | M21: З/пМех
A22: 1 | B22: 2 | C22: 3 | D22: 4 | E22: 5 | F22: 6 | G22: 7 | H22: 8 | I22: 9 | J22: 10 | K22: 11 | L22: 12 | M22: 13 | N22: 14 | O22: 15 | P22: 16 | Q22: 17
A23: Раздел 1. Разборка конструкций
A24: 1 | B24: ТЕР46-04-012-03 | C24: Разборка деревянных заполнений проемов дверных | D24: 100 м2 | E24: 0.038 | F24: 1496.49 | G24: 1184.57 | H24: 311.92 | I24: 120.9 | J24: 57 | K24: 45 | L24: 12 | M24: 5 | N24: 103.91 | O24: 3.95 | P24: 7.74 | Q24: 0.29
A25: 2 | B25: ТЕР46-04-001-04 | C25: Разборка кирпичных стен | D25: 1 м3 | E25: 4.1 | F25: 296.8 | G25: 102.84 | H25: 193.96 | I25: 17.96 | J25: 1217 | K25: 422 | L25: 795 | M25: 74 | N25: 8.24 | O25: 33.78 | P25: 1.15 | Q25: 4.72
A26: 3 | B26: ТЕР46-03-007-03 | C26: Пробивка проемов в конструкциях из кирпича | D26: 1 м3 | E26: 0.75 | F26: 583.75 | G26: 155.35 | H26: 428.4 | I26: 39.67 | J26: 438 | K26: 117 | L26: 321 | M26: 30 | N26: 12.3 | O26: 9.23 | P26: 2.54 | Q26: 1.91
A27: 4 | B27: ТЕРр65-4-3 | C27: Демонтаж моек | D27: 100 приборов | E27: 0.01 | F27: 1264.07 | G27: 1232.23 | H27: 31.84 | I27: 12.34 | J27: 13 | K27: 13 | N27: 102.6 | O27: 1.03 | P27: 0.79 | Q27: 0.01
A28: 5 | B28: ТЕРр57-3-2 | C28: Разборка плинтусов цементных и из керамической плитки | D28: 100 м | E28: 0.35 | F28: 156.94 | G28: 156.94 | J28: 55 | K28: 55 | N28: 14.28 | O28: 5
A29: 6 | B29: ТЕРр57-3-1 | C29: Разборка плинтусов деревянных и из пластмассовых материалов | D29: 100 м | E29: 0.31 | F29: 41.43 | G29: 41.43 | J29: 13 | K29: 13 | N29: 3.77 | O29: 1.17
A30: 7 | B30: ТЕРр57-2-3 | C30: Разборка покрытий полов из керамических плиток | D30: 100 м2 | E30: 0.323 | F30: 897.17 | G30: 839.14 | H30: 58.03 | I30: 22.49 | J30: 290 | K30: 271 | L30: 19 | M30: 7 | N30: 69.87 | O30: 22.57 | P30: 1.44 | Q30: 0.47
A31: 8 | B31: ТЕР11-01-004-01 | C31: Разборка гидроизоляции оклеечной из рулонных материалов в 2 слоя КОЭФ. К ПОЗИЦИИ: разборка ОЗП=0,8; ЭМ=0,8 к расх.; ЗПМ=0,8; МАТ=0 к расх.; ТЗ=0,8; ТЗМ=0,8 | D31: 100 м2 | E31: 0.323 | F31: 938.23 | G31: 586.67 | H31: 351.56 | I31: 4.87 | J31: 303 | K31: 189 | L31: 114 | M31: 2 | N31: 36.94 | O31: 11.93 | P31: 0.31 | Q31: 0.1
A32: 9 | B32: ТЕРр63-7-5 | C32: Разборка облицовки стен из керамических глазурованных плиток | D32: 100 м2 | E32: 0.16 | F32: 1081.91 | G32: 823.99 | H32: 257.92 | I32: 27.68 | J32: 173 | K32: 132 | L32: 41 | M32: 4 | N32: 74.3 | O32: 11.89 | P32: 1.99 | Q32: 0.32
A33: 10 | B33: ТЕРр57-2-1 | C33: Разборка покрытий полов из линолеума | D33: 100 м2 | E33: 0.3 | F33: 130.42 | G33: 125.18 | H33: 5.24 | I33: 2.03 | J33: 39 | K33: 38 | L33: 1 | M33: 1 | N33: 11.39 | O33: 3.42 | P33: 0.13 | Q33: 0.04
A34: 11 | B34: ТЕРр57-1-4 | C34: Разборка оснований покрытия полов дощатых | D34: 100 м2 основания | E34: 0.3 | F34: 163.75 | G34: 163.75 | J34: 49 | K34: 49 | N34: 14.9 | O34: 4.47
A35: 12 | B35: ТЕРр57-1-2 | C35: Разборка оснований покрытия полов лаг из досок и брусков | D35: 100 м2 основания | E35: 0.3 | F35: 84.29 | G35: 84.29 | J35: 25 | K35: 25 | N35: 7.67 | O35: 2.3
A36: 13 | B36: ТЕРр57-1-1 | C36: Разборка оснований покрытия полов кирпичных столбиков под лаги | D36: 100 м2 основания | E36: 0.3 | F36: 95.72 | G36: 95.72 | J36: 29 | K36: 29 | N36: 8.71 | O36: 2.61
A37: 14 | B37: ТЕР46-03-010-02 прим. | C37: Пробивка в бетонных полах толщиной 100 мм отверстий площадью до 100 см2 КОЭФ. К ПОЗИЦИИ: на увеличение толщины бетонной конструкции ПЗ=2,2 (ОЗП=2,2; ЭМ=2,2 к расх.; ЗПМ=2,2; МАТ=2,2 к расх.; ТЗ=2,2; ТЗМ=2,2) | D37: 100 отверстий | E37: 0.02 | F37: 4380.22 | G37: 1044.47 | H37: 3335.75 | I37: 308.92 | J37: 88 | K37: 21 | L37: 67 | M37: 6 | N37: 77.95 | O37: 1.56 | P37: 19.78 | Q37: 0.4
A38: 15 | B38: ТЕР46-03-010-03 | C38: Пробивка в бетонных перекрытиях толщиной 100 мм отверстий площадью до 500 см2 | D38: 100 отверстий | E38: 0.01 | F38: 6638.52 | G38: 1482.58 | H38: 5155.94 | I38: 477.5 | J38: 66 | K38: 15 | L38: 51 | M38: 5 | N38: 110.64 | O38: 1.11 | P38: 30.57 | Q38: 0.31
A39: 16 | B39: ФССЦпг01-01-01-041 | C39: Погрузочные работы при автомобильных перевозках: Мусор строительный с погрузкой вручную КОЭФ. К ПОЗИЦИИ: п.1.1.9 ОП Прил.1. Поясной коэффициент: Свердловская область ПЗ=1,1 (ОЗП=1,1; ЭМ=1,1; ЗПМ=1,1; МАТ=1,1); Коэффициент техн.часть п.3 ПЗ=1,025 (ОЗП=1,025; ЭМ=1,025 к расх.; ЗПМ=1,025; МАТ=1,025 к расх.; ТЗ=1,025; ТЗМ=1,025) | D39: 1 т | E39: 42 | F39: 48.46 | G39: 48.46 | J39: 2035 | K39: 2035
A40: 17 | B40: ФССЦпг03-21-01-040 | C40: Перевозка грузов автомобилями-самосвалами грузоподъемностью 10 т, работающих вне карьера, на расстояние: до 40 км I класс груза КОЭФ. К ПОЗИЦИИ: 15 Поясные коэффициенты к сметным ценам на перевозку грузов автомобильным транспортом: Свердловская ПЗ=1,1 (ОЗП=1,1; ЭМ=1,1; ЗПМ=1,1; МАТ=1,1) | D40: 1 т груза | E40: 42 | F40: 25.55 | H40: 25.55 | J40: 1073 | L40: 1073
A41: Итого по разделу 1 Разборка конструкций | J41: 8992 | O41: 118.41 | Q41: 8.59
A42: Раздел 2. Общестроительные работы
A43: Устройство узла прохода через покрытие, в т.ч. разборка и восстановление кровли
A44: 18 | B44: ТЕР46-04-008-01 | C44: Разборка покрытий кровель из рулонных материалов (1-3 слоя) | D44: 100 м2 | E44: 0.02 | F44: 202.89 | G44: 158.04 | H44: 44.85 | J44: 4 | K44: 3 | L44: 1 | N44: 14.38 | O44: 0.29
A45: 19 | B45: ТЕРр58-17-5 | C45: Разборка теплоизоляции на кровле из ваты минеральной толщиной 100 мм | D45: 100 м2 | E45: 0.02 | F45: 142.62 | G45: 140.48 | H45: 2.14 | J45: 3 | K45: 3 | N45: 13.08 | O45: 0.26
A46: 20 | B46: ТЕР12-01-015-01 | C46: Устройство пароизоляции оклеечной в один слой | D46: 100 м2 | E46: 0.015 | F46: 2502.81 | G46: 232.01 | H46: 124.27 | I46: 3.28 | J46: 38 | K46: 3 | L46: 2 | N46: 17.51 | O46: 0.26 | P46: 0.18
A47: 21 | B47: ТЕР12-01-013-03 | C47: Утепление покрытий плитами из минеральной ваты или перлита на битумной мастике в один слой | D47: 100 м2 | E47: 0.015 | F47: 2108.11 | G47: 610.24 | H47: 223.19 | I47: 10.01 | J47: 32 | K47: 9 | L47: 3 | N47: 45.54 | O47: 0.68 | P47: 0.55 | Q47: 0.01
A48: 22 | B48: ТЕР12-01-013-04 | C48: Утепление покрытий плитами на каждый последующий слой добавлять к расценке 12-01-013-03 | D48: 100 м2 утепляемого покрытия | E48: 0.015 | F48: 1419.59 | G48: 472.48 | H48: 215.18 | I48: 10.01 | J48: 21 | K48: 7 | L48: 3 | N48: 35.26 | O48: 0.53 | P48: 0.55 | Q48: 0.01
A49: 23 | B49: ТСЦ-104-0007 | C49: Плиты из минеральной ваты повышенной жесткости на синтетическом связующем М-200 | D49: м3 | E49: 0.186 | F49: 1276.44 | J49: 237
A50: 24 | B50: ТЕР12-01-001-05 | C50: Устройство кровель скатных из наплавляемых материалов в два слоя | D50: 100 м2 кровли | E50: 0.015 | F50: 10596.16 | G50: 208.42 | H50: 75.52 | I50: 3.64 | J50: 159 | K50: 3 | L50: 1 | N50: 15.73 | O50: 0.24 | P50: 0.2
A51: 25 | B51: ТЕР12-01-004-05 | C51: Устройство примыканий кровель из наплавляемых материалов к стенам и парапетам высотой более 600 мм с одним фартуком | D51: 100 м | E51: 0.02 | F51: 14725.4 | G51: 675.6 | H51: 194.06 | I51: 12.19 | J51: 295 | K51: 14 | L51: 4 | N51: 52.21 | O51: 1.04 | P51: 0.67 | Q51: 0.01
A52: 26 | B52: ТЕР46-03-001-01 | C52: Сверление в железобетонных конструкциях вертикальных отверстий глубиной 200 мм диаметром 20 мм | D52: 100 отверстий | E52: 0.06 | F52: 2712.24 | G52: 234.42 | H52: 872.51 | I52: 222.22 | J52: 163 | K52: 14 | L52: 52 | M52: 13 | N52: 17.3 | O52: 1.04 | P52: 16.4 | Q52: 0.98
A53: 27 | B53: ТЕР46-03-001-17 | C53: На каждые 10 мм изменения глубины сверления добавляется или исключается к расценке 46-03-001-01 КОЭФ. К ПОЗИЦИИ: Изменение глубины ПЗ=10 (ОЗП=10; ЭМ=10 к расх.; ЗПМ=10; МАТ=10 к расх.; ТЗ=10; ТЗМ=10) | D53: 100 отверстий | E53: -0.06 | F53: 1166.3 | G53: 25.7 | H53: 338 | I53: 111.1 | J53: -70 | K53: -2 | L53: -20 | M53: -7 | N53: 1.9 | O53: -0.11 | P53: 8.2 | Q53: -0.49
A54: 28 | B54: ТЕР07-01-044-03 | C54: Установка монтажных изделий массой до 20 кг | D54: 1 т | E54: 0.034 | F54: 13769.84 | G54: 614.03 | H54: 303.06 | J54: 468 | K54: 21 | L54: 10 | N54: 42.7 | O54: 1.45
A55: 29 | B55: ТСЦ-101-1977 прим. | C55: Болты анкерные с гайками и шайбами | D55: кг | E55: 4.2 | F55: 16.8 | J55: 71
A56: 30 | B56: ТЕР13-03-002-15 | C56: Огрунтовка металлических поверхностей за один раз лаком БТ-577 КОЭФ. К ПОЗИЦИИ: за 2 раза ПЗ=2 (ОЗП=2; ЭМ=2 к расх.; ЗПМ=2; МАТ=2 к расх.; ТЗ=2; ТЗМ=2) | D56: 100 м2 | E56: 0.013 | F56: 354.5 | G56: 120.58 | H56: 24.66 | I56: 0.32 | J56: 5 | K56: 2 | N56: 7.82 | O56: 0.1 | P56: 0.02
A57: 31 | B57: ТЕР08-08-005-01 | C57: Кладка дымовых кирпичных труб | D57: 1 м3 | E57: 0.144 | F57: 988.17 | G57: 159.79 | H57: 54.44 | I57: 6.37 | J57: 142 | K57: 23 | L57: 8 | M57: 1 | N57: 12.97 | O57: 1.87 | P57: 0.35 | Q57: 0.05
A58: 32 | B58: ТЕР07-05-039-16 | C58: Изоляция паклей просмоленой | D58: 100 м шва | E58: 0.01 | F58: 669.32 | G58: 298.13 | H58: 21.83 | J58: 7 | K58: 3 | N58: 22.5 | O58: 0.23
A59: 33 | B59: ТЕР08-01-003-08 | C59: Выравнивание поверхности кирпичной кладки раствором | D59: 100 м2 | E59: 0.014 | F59: 3172.74 | G59: 1265.8 | H59: 21.83 | J59: 44 | K59: 18 | N59: 96.7 | O59: 1.35
A60: Стены, перегородки
A61: 34 | B61: ТЕРр69-2-1 | C61: Сверление отверстий в кирпичных стенах электроперфоратором диаметром до 20 мм, толщина стен 0,5 кирпича | D61: 100 отверстий | E61: 1.04 | F61: 83.02 | G61: 65.93 | H61: 17.09 | J61: 86 | K61: 69 | L61: 17 | N61: 5.49 | O61: 5.71
A62: 35 | B62: ТЕР07-01-044-01 прим. | C62: Установка ершей в готовые гнезда с заделкой для крепления пристраиваемых перегородок к существующим, в т.ч. заделка проемов | D62: 1 т | E62: 0.0083 | F62: 3906.63 | G62: 2444.6 | H62: 572.31 | J62: 32 | K62: 20 | L62: 5 | N62: 170 | O62: 1.41
A63: 36 | B63: ТСЦ-204-0020 | C63: Горячекатаная арматурная сталь периодического профиля класса А-III, диаметром 8 мм | D63: т | E63: 0.0083 | F63: 5156.3 | J63: 43
A64: 37 | B64: ТЕР08-02-002-03 | C64: Кладка перегородок из кирпича армированных толщиной в 1/2 кирпича при высоте этажа до 4 м | D64: 100 м2 б/проемов | E64: 1.2 | F64: 10332.14 | G64: 2043.74 | H64: 1064 | I64: 74.8 | J64: 12399 | K64: 2452 | L64: 1277 | M64: 90 | N64: 170.17 | O64: 204.2 | P64: 4.11 | Q64: 4.93
A65: 38 | B65: ТЕР46-02-007-02 | C65: Кладка отдельных участков кирпичных стен и заделка проемов в кирпичных стенах при объеме кладки в одном месте до 15 м3 | D65: 1 м3 | E65: 0.72 | F65: 642.67 | G65: 81.72 | H65: 2.31 | J65: 463 | K65: 59 | L65: 2 | N65: 7.1 | O65: 5.11
A66: 39 | B66: ТЕР07-01-021-01 | C66: Укладка перемычек при наибольшей массе монтажных элементов в здании до 5 т, масса перемычки до 0,7 т | D66: 100 шт. | E66: 0.07 | F66: 10506.63 | G66: 1191.96 | H66: 9173.61 | I66: 652.29 | J66: 735 | K66: 83 | L66: 642 | M66: 46 | N66: 96.75 | O66: 6.77 | P66: 35.84 | Q66: 2.51
A67: 40 | B67: ТСЦ-403-0447 | C67: Перемычка брусковая 2ПБ-13-1-п /бетон В15 (М200), объем 0,022 м3, расход ар-ры 0,57 кг / (серия 1.038.1-1 вып. 1) | D67: шт. | E67: 7 | F67: 54.17 | J67: 379
A68: 41 | B68: ТЕРр53-25-1 | C68: Устройство металлических перемычек в стенах существующих зданий | D68: 1 т | E68: 0.135 | F68: 15207.66 | G68: 2018.76 | H68: 98 | I68: 6.37 | J68: 2053 | K68: 273 | L68: 13 | M68: 1 | N68: 165.88 | O68: 22.39 | P68: 0.47 | Q68: 0.06
A69: 42 | B69: ТЕР13-03-002-04 | C69: Огрунтовка металлических поверхностей за один раз грунтовкой ГФ-021 | D69: 100 м2 | E69: 0.058 | F69: 417.46 | G69: 79.65 | H69: 10.15 | I69: 0.16 | J69: 24 | K69: 5 | L69: 1 | N69: 5.31 | O69: 0.31 | P69: 0.01
A70: 43 | B70: ТЕРр61-28-4 | C70: Обертывание балок сеткой | D70: 100 м2 | E70: 0.045 | F70: 3574.57 | G70: 287.94 | H70: 8.83 | J70: 161 | K70: 13 | N70: 26.2 | O70: 1.18
A71: Проемы
A72: 44 | B72: ТЕР10-01-047-04 | C72: Установка блоков из ПВХ в наружных и внутренних дверных проемах в перегородках площадью проема до 3 м2 | D72: 100 м2 | E72: 0.142 | F72: 7756.85 | G72: 1953.53 | H72: 682.72 | I72: 16.4 | J72: 1101 | K72: 277 | L72: 97 | M72: 2 | N72: 160.52 | O72: 22.79 | P72: 1.05 | Q72: 0.15
A73: 45 | B73: ТСЦ-203-8088 | C73: Блоки дверные внутренние глухие (с заполнением панелями или другими непрозрачными материалами) (ГОСТ 30970-2002) | D73: м2 | E73: 14.2 | F73: 1180.45 | J73: 16762
A74: 46 | B74: ТСЦ-101-0950 | C74: Замок врезной оцинкованный с цилиндровым механизмом | D74: компл. | E74: 3 | F74: 81.32 | J74: 244
A75: 47 | B75: ТСЦ-101-0952 | C75: Защелки врезные с ручками и корпусом из алюминиевого сплава | D75: компл. | E75: 1 | F75: 96.14 | J75: 96
A76: Полы
A77: 48 | B77: ТЕРр57-10-2 | C77: Заделка выбоин в полах цементных площадью до 0,5 м2 (ремонт стяжки) | D77: 100 мест | E77: 0.323 | F77: 1597.94 | G77: 832.89 | H77: 78.89 | I77: 9.21 | J77: 516 | K77: 269 | L77: 25 | M77: 3 | N77: 69.35 | O77: 22.4 | P77: 0.68 | Q77: 0.22
A78: 49 | B78: ТЕР11-01-008-03 | C78: Устройство тепло- и звукоизоляции засыпной керамзитовой | D78: 1 м3 | E78: 15.35 | F78: 319.85 | G78: 26.42 | H78: 28.01 | I78: 7.03 | J78: 4910 | K78: 406 | L78: 430 | M78: 108 | N78: 2.2 | O78: 33.77 | P78: 0.45 | Q78: 6.91
A79: 50 | B79: ТЕР11-01-011-01 | C79: Устройство стяжек цементных толщиной 20 мм | D79: 100 м2 | E79: 0.3 | F79: 1959.54 | G79: 442.12 | H79: 56.26 | I79: 19.84 | J79: 588 | K79: 133 | L79: 17 | M79: 6 | N79: 39.51 | O79: 11.85 | P79: 1.27 | Q79: 0.38
A80: 51 | B80: ТЕР11-01-011-02 | C80: Устройство стяжек на каждые 5 мм изменения толщины стяжки добавлять или исключать к расценке 11-01-011-01 КОЭФ. К ПОЗИЦИИ: до толщины 50 мм ПЗ=6 (ОЗП=6; ЭМ=6 к расх.; ЗПМ=6; МАТ=6 к расх.; ТЗ=6; ТЗМ=6) | D80: 100 м2 | E80: 0.3 | F80: 2258.28 | G80: 33.6 | H80: 58.56 | I80: 19.68 | J80: 677 | K80: 10 | L80: 18 | M80: 6 | N80: 3 | O80: 0.9 | P80: 1.26 | Q80: 0.38
A81: 52 | B81: ТЕР11-01-004-05 прим. | C81: Устройство гидроизоляции обмазочной в один слой толщиной 2 мм | D81: 100 м2 | E81: 0.614 | F81: 1119.19 | G81: 415.88 | H81: 223.72 | I81: 2.81 | J81: 687 | K81: 255 | L81: 137 | M81: 2 | N81: 26.97 | O81: 16.56 | P81: 0.18 | Q81: 0.11
A82: 53 | B82: Цена поставщика | C82: Мастика Гиперруф-250 гидроизоляционная, расход 2кг/м2 | D82: кг | E82: 123 | F82: 28,34 200/5,98/1,18 | J82: 3486
A83: 54 | B83: ТЕР15-07-003-02 прим. | C83: Грунтование водно-дисперсионной грунтовкой поверхностей | D83: 100 м2 | E83: 0.614 | F83: 75.29 | G83: 47.75 | H83: 25.54 | I83: 0.16 | J83: 46 | K83: 29 | L83: 16 | N83: 3.69 | O83: 2.27 | P83: 0.01 | Q83: 0.01
A84: 55 | B84: Цена поставщика | C84: Грунтовка Ceresit СТ 17, расход 150г/м2. | D84: кг | E84: 9.21 | F84: 6,36 449,00/10/5,98/1,18 | J84: 59
A85: 56 | B85: ТЕР11-01-027-06 | C85: Устройство покрытий на растворе их сухой смеси с приготовлением раствора в построечных условиях из плиток гладких неглазурованных керамических для полов одноцветных | D85: 100 м2 | E85: 0.614 | F85: 9469.22 | G85: 1475.69 | H85: 181.39 | I85: 62.67 | J85: 5814 | K85: 906 | L85: 111 | M85: 38 | N85: 119.78 | O85: 73.54 | P85: 4.22 | Q85: 2.59
A86: 57 | B86: Цена поставщика | C86: Клей Ceresit СМ 11 | D86: кг | E86: 276.3 | F86: 1,35 239,00/25/1,18/5,98 | J86: 373
A87: 58 | B87: ТЕР11-01-039-04 | C87: Устройство плинтусов из плиток керамических | D87: 100 м | E87: 1.03 | F87: 4050.58 | G87: 316.24 | H87: 6.55 | J87: 4172 | K87: 326 | L87: 7 | N87: 23.6 | O87: 24.31
A88: Отделочные работы
A89: 59 | B89: ТЕРр62-8-6 | C89: Улучшенная масляная окраска ранее окрашенных потолков за два раза с расчисткой старой краски более 35% | D89: 100 м2 | E89: 0.615 | F89: 2219.34 | G89: 1102.97 | H89: 10.58 | I89: 1.56 | J89: 1365 | K89: 678 | L89: 7 | M89: 1 | N89: 90.63 | O89: 55.74 | P89: 0.1 | Q89: 0.06
A90: 60 | B90: ТЕР15-02-036-01 | C90: Штукатурка по сетке улучшенная стен (по металлическим конструкциям) | D90: 100 м2 | E90: 0.018 | F90: 7137.98 | G90: 1681.55 | H90: 63.15 | I90: 22.49 | J90: 128 | K90: 30 | L90: 1 | N90: 129.95 | O90: 2.34 | P90: 1.44 | Q90: 0.03
A91: 61 | B91: ТЕР15-02-016-03 | C91: Штукатурка поверхностей внутри здания цементно-известковым или цементным раствором по камню и бетону улучшенная стен, в т.ч. ремонт дверных откосов после пробивки проемов | D91: 100 м2 | E91: 8.31 | F91: 2722.42 | G91: 1137.38 | H91: 182.31 | I91: 78.56 | J91: 22623 | K91: 9452 | L91: 1515 | M91: 653 | N91: 85.84 | O91: 713.33 | P91: 6.29 | Q91: 52.27
A92: 62 | B92: ТЕР15-02-031-01 | C92: Штукатурка поверхностей оконных и дверных откосов по бетону и камню плоских | D92: 100 м2 | E92: 0.024 | F92: 5546.16 | G92: 2671.15 | H92: 83.02 | I92: 32.18 | J92: 133 | K92: 64 | L92: 2 | M92: 1 | N92: 204.06 | O92: 4.9 | P92: 2.06 | Q92: 0.05
A93: 63 | B93: ТЕР15-04-006-03 | C93: Покрытие поверхностей грунтовкой глубокого проникновения за 1 раз стен (под кафельную плитку) | D93: 100 м2 | E93: 1.774 | F93: 90.44 | G93: 88.75 | H93: 1.49 | I93: 0.16 | J93: 160 | K93: 157 | L93: 3 | N93: 6.55 | O93: 11.62 | P93: 0.01 | Q93: 0.02
A94: 64 | B94: ТСЦ-101-2416 | C94: Грунтовка «Бетоконтакт», КНАУФ | D94: кг | E94: 23 | F94: 18 | J94: 414
A95: 65 | B95: ТЕР15-01-019-05 | C95: Гладкая облицовка стен, столбов, пилястр и откосов (без карнизных, плинтусных и угловых плиток) на клее из сухих смесей | D95: 100 м2 | E95: 1.805 | F95: 4239.09 | G95: 2066.13 | H95: 42.41 | I95: 23.08 | J95: 7652 | K95: 3729 | L95: 77 | M95: 42 | N95: 159.67 | O95: 288.2 | P95: 1.65 | Q95: 2.98
A96: 66 | B96: ТСЦ-101-0259 | C96: Плитки керамические глазурованные для внутренней облицовки стен гладкие с завалом цветные (однотонные) | D96: м2 | E96: 180.5 | F96: 80.56 | J96: 14541
A97: 67 | B97: ТЕР15-04-025-08 | C97: Улучшенная окраска масляными составами по штукатурке стен | D97: 100 м2 | E97: 6.593 | F97: 2387.62 | G97: 651.91 | H97: 12.41 | I97: 0.16 | J97: 15742 | K97: 4298 | L97: 82 | M97: 1 | N97: 51.01 | O97: 336.31 | P97: 0.01 | Q97: 0.07
A98: 68 | B98: ТЕРр62-33-2 | C98: Окраска масляными составами ранее окрашенных поверхностей радиаторов и ребристых труб отопления за 2 раза | D98: 100 м2 | E98: 0.05 | F98: 1389.71 | G98: 812.38 | H98: 1.09 | J98: 69 | K98: 41 | N98: 65.94 | O98: 3.3
A99: 69 | B99: ТЕРр62-9-6 | C99: Улучшенная масляная окраска ранее окрашенных окон за два раза с расчисткой старой краски более 35% | D99: 100 м2 | E99: 0.4 | F99: 2751.2 | G99: 1712.32 | H99: 10.58 | I99: 1.56 | J99: 1100 | K99: 685 | L99: 4 | M99: 1 | N99: 140.7 | O99: 56.28 | P99: 0.1 | Q99: 0.04
A100: 70 | B100: ТЕР08-07-002-01 | C100: Установка и разборка внутренних трубчатых инвентарных лесов при высоте помещений до 6 м | D100: 100 м2 гориз. проекции | E100: 0.75 | F100: 1461.43 | G100: 854.33 | H100: 19.65 | J100: 1096 | K100: 641 | L100: 15 | N100: 70.2 | O100: 52.65
A101: Итого по разделу 2 Общестроительные работы | J101: 198066 | O101: 2679.34 | Q101: 111.1
A102: ИТОГИ ПО СМЕТЕ:
A103: Итого прямые затраты по смете в ценах 2001г. | J103: 128511 | K103: 28950 | L103: 7079 | M103: 1142 | O103: 2105.39 | Q103: 82.91
...

Sheet 25180
A1: СОГЛАСОВАНО: | E1: ФГУП "Комбинат "Электрохимприбор" | M1: УТВЕРЖДАЮ:
G2: (наименование стройки) | M2: Зам. генерального директора
M3: Е.В.Гордеев
A4: _________________ | M4: _________________
A5: " _____ " ________________ 2014 г. | M5: "______ " __________2014 г.
G6: ЛОКАЛЬНЫЙ СМЕТНЫЙ РАСЧЕТ № 25180
G7: (локальная смета)
C9: на | D9: строительно-монтажные работы по реконструкции помещений 225, 225а (санпропускник)
E10: Площадка 3. Здание 106/118 (инв.№ 6101000).
E11: Раздел: Электрооборудование. Электрическое освещение.
H12: (наименование работ и затрат, наименование объекта)
D14: Основание: проект № 24788-13-ЭМО КПМ Ц6053.518
D15: Сметная стоимость монтажных работ _______________________________________________________________________________________________ | J15: ___________________________29,469 | L15: тыс. руб.
D16: Средства на оплату труда _______________________________________________________________________________________________ | J16: ___________________________3,891 | L16: тыс. руб.
D17: Сметная трудоемкость _______________________________________________________________________________________________ | J17: _______________________________________________________________________________________________254,36 | L17: чел.час
D18: Материалы ______________________________________ | K18: =J72/1000 -> 17.412 | L18: тыс.руб.
D19: Составлен(а) в базовых ценах 2001г. в редакции 2009г.
A21: № пп | B21: Обоснование | C21: Наименование | D21: Ед. изм. | E21: Кол. | F21: Стоимость единицы, руб. | J21: Общая стоимость, руб. | N21: Т/з осн. раб.на ед. | O21: Т/з осн. раб. Всего | P21: Т/з мех. на ед. | Q21: Т/з мех. Всего
F22: Всего | G22: В том числе | J22: Всего | K22: В том числе
G23: Осн.З/п | H23: Эк.Маш | I23: З/пМех | K23: Осн.З/п | L23: Эк.Маш | M23: З/пМех
A24: 1 | B24: 2 | C24: 3 | D24: 4 | E24: 5 | F24: 6 | G24: 7 | H24: 8 | I24: 9 | J24: 10 | K24: 11 | L24: 12 | M24: 13 | N24: 14 | O24: 15 | P24: 16 | Q24: 17
A25: Раздел 1. Демонтажные работы
A26: 1 | B26: ТЕРр67-4-3 | C26: Демонтаж светильников с лампами накаливания | D26: 100 шт. | E26: 0.06 | F26: 70.67 | G26: 69.46 | H26: 1.21 | I26: 0.47 | J26: 4 | K26: 4 | N26: 6.32 | O26: 0.38 | P26: 0.03
A27: 2 | B27: ТЕРр67-4-1 | C27: Демонтаж выключателей, розеток | D27: 100 шт. | E27: 0.05 | F27: 64.18 | G27: 64.18 | J27: 3 | K27: 3 | N27: 5.84 | O27: 0.29
A28: 3 | B28: ТЕРм08-03-545-01 | C28: Демонтаж: коробка ответвительная КОЭФ. К ПОЗИЦИИ: Демонтаж оборудования, которое не подлежит дальнейшему использованию (предназначено в лом) без разборки и резки ОЗП=0,3; ЭМ=0,3 к расх.; ЗПМ=0,3; МАТ=0 к расх.; ТЗ=0,3; ТЗМ=0,3 | D28: 1 шт. | E28: 1 | F28: 13.87 | G28: 13.16 | H28: 0.71 | J28: 14 | K28: 13 | L28: 1 | N28: 0.99 | O28: 0.99
A29: 4 | B29: ТЕРр67-3-1 | C29: Демонтаж кабеля | D29: 100 м | E29: 0.5 | F29: 106.34 | G29: 105.94 | H29: 0.4 | I29: 0.16 | J29: 53 | K29: 53 | N29: 9.64 | O29: 4.82 | P29: 0.01 | Q29: 0.01
A30: Итого по разделу 1 Демонтажные работы | J30: 208 | O30: 6.83 | Q30: 0.01
A31: Раздел 2. Монтажные работы
A32: 5 | B32: Цена поставщика | C32: Светильник ARCTIC 218 (SAN/SMC) ES1 1069002290 | D32: шт. | E32: 14 | F32: 607,62 3986,50/1,18/5,56 | J32: 8507
A33: 6 | B33: Цена поставщика | C33: Светильник ARCTIC 228 (SAN/SMC) 1069002330 | D33: шт. | E33: 7 | F33: 246,86 1619,61/1,18/5,56 | J33: 1728
A34: 7 | B34: Цена поставщика | C34: Светильник ARCTIC 236 (SAN/SMC) (2) HF 1069002410 | D34: шт. | E34: 1 | F34: 194,69 1277,30/1,18/5,56 | J34: 195
A35: 8 | B35: ТЕРм08-03-594-07 прим. | C35: Светильник отдельно устанавливаемый на троссовых подвесах с количеством ламп в светильнике 2 КОЭФ. К ПОЗИЦИИ: 1.8.3.ОП При производстве работ на высоте свыше расстояний, указанных в вводных указаниях к разделам сборника: при высоте свыше 2 до 8 м ОЗП=1,05; ТЗ=1,05 | D35: 100 шт. | E35: 0.22 | F35: 7352.62 | G35: 2170.94 | H35: 2787.63 | I35: 960.77 | J35: 1618 | K35: 478 | L35: 613 | M35: 211 | N35: 155.4 | O35: 34.19 | P35: 61.04 | Q35: 13.43
A36: 9 | B36: Цена поставщика | C36: Комплект крепления Arctic /2/ на трос 2069000330 | D36: шт. | E36: 22 | F36: 4,37 28,68/1,18/5,56 | J36: 96
A37: 10 | B37: ФССЦ-509-0689 | C37: Лампы люминесцентные КОЭФ. К ПОЗИЦИИ: Приведение расценок ФЕР к территориальному уровню (Письмо УРЦЦС Ц-297 от 12.04.2011) ОЗП=1,41; ЭМ=1,242; ЗПМ=1,41; МАТ=1,052 | D37: шт. | E37: 44 | F37: 22.53 | J37: 991
A38: 11 | B38: Цена поставщика | C38: Выключатель двухклавишный для открытой установки ВС20-2-0-ГБ IP44 серия "ГЕРМЕС" (цвет клавиши: белый) | D38: шт. | E38: 2 | F38: 21,43 140,63/1,18/5,56 | J38: 43
A39: 12 | B39: ТЕРм08-03-591-04 | C39: Выключатель двухклавишный неутопленного типа при открытой проводке | D39: 100 шт. | E39: 0.02 | F39: 801.67 | G39: 613.28 | H39: 29.99 | I39: 0.73 | J39: 16 | K39: 12 | L39: 1 | N39: 43.9 | O39: 0.88 | P39: 0.04
A40: 13 | B40: Цена поставщика | C40: ВС20-1-0-ГБ выкл 1кл о/у IP44 (цвет клавиши: белый) ГЕРМЕС (цвет клавиши: белый) EVM10-K01-10-44-EC | D40: шт. | E40: 7 | F40: 19,43 127,48/1,18/5,56 | J40: 136
A41: 14 | B41: ТЕРм08-03-591-01 | C41: Выключатель одноклавишный неутопленного типа при открытой проводке | D41: 100 шт. | E41: 0.07 | F41: 758.17 | G41: 551.82 | H41: 27.07 | I41: 0.55 | J41: 53 | K41: 39 | L41: 2 | N41: 39.5 | O41: 2.77 | P41: 0.03
A42: 15 | B42: ФЕРм08-02-390-01 | C42: Короба пластмассовые: шириной до 40 мм КОЭФ. К ПОЗИЦИИ: Приведение расценок ФЕР к территориальному уровню (Письмо УРЦЦС Ц-297 от 12.04.2011) ОЗП=1,41; ЭМ=1,242; ЗПМ=1,41; МАТ=1,052 | D42: 100 м | E42: 1.5 | F42: 311.4 | G42: 218.44 | H42: 38.75 | I42: 0.17 | J42: 467 | K42: 328 | L42: 58 | N42: 16.29 | O42: 24.44 | P42: 0.01 | Q42: 0.02
A43: 16 | B43: Цена поставщика | C43: Кабель-канал 30х25 "ЭЛЕКОР" CKK10-030-025-1-K01 | D43: м | E43: 20 | F43: 5,33 35/1,18/5,56 | J43: 107
A44: 17 | B44: Цена поставщика | C44: Кабель-канал 15х10 "ЭЛЕКОР" CKK10-015-010-1-K01 | D44: м | E44: 130 | F44: 1,93 12,68/1,18/5,56 | J44: 251
A45: 18 | B45: ТЕРм08-02-402-01 | C45: Кабель двух-четырехжильный по установленным конструкциям и лоткам с установкой ответвительных коробок в помещениях с нормальной средой сечением жилы до 10 мм2 | D45: 100 м | E45: 1.5 | F45: 1131.61 | G45: 202.73 | H45: 704.04 | I45: 87.33 | J45: 1697 | K45: 304 | L45: 1056 | M45: 131 | N45: 15.3 | O45: 22.95 | P45: 5.28 | Q45: 7.92
A46: 19 | B46: ТЕРм08-02-401-01 | C46: Кабель двух-четырехжильный сечением жилы до 16 мм2 с креплением накладными скобами, полосками с установкой ответвительных коробок КОЭФ. К ПОЗИЦИИ: 1.8.3.ОП При производстве работ на высоте свыше расстояний, указанных в вводных указаниях к разделам сборника: при высоте свыше 2 до 8 м ОЗП=1,05; ТЗ=1,05 | D46: 100 м | E46: 0.15 | F46: 4067.05 | G46: 717.89 | H46: 957.86 | I46: 390.47 | J46: 610 | K46: 108 | L46: 144 | M46: 59 | N46: 54.18 | O46: 8.13 | P46: 24.95 | Q46: 3.74
A47: 20 | B47: ФССЦ-501-8442 | C47: Кабель силовой с медными жилами с поливинилхлоридной изоляцией и оболочкой, не распространяющий горение марки ВВГнг, напряжением 0,66 кВ, с числом жил - 3 и сечением 1,5 мм2 КОЭФ. К ПОЗИЦИИ: Приведение расценок ФЕР к территориальному уровню (Письмо УРЦЦС Ц-297 от 12.04.2011) ОЗП=1,41; ЭМ=1,242; ЗПМ=1,41; МАТ=1,052 | D47: 1000 м | E47: 0.153 | F47: 3194.61 | J47: 489
A48: 21 | B48: ФССЦ-501-8183 | C48: Кабель силовой с медными жилами с поливинилхлоридной изоляцией в поливинилхлоридной оболочке без защитного покрова ВВГ, напряжением 0,66 Кв, число жил – 2 и сечением 1,5 мм2 КОЭФ. К ПОЗИЦИИ: Приведение расценок ФЕР к территориальному уровню (Письмо УРЦЦС Ц-297 от 12.04.2011) ОЗП=1,41; ЭМ=1,242; ЗПМ=1,41; МАТ=1,052 | D48: 1000 м | E48: 0.0153 | F48: 2414.37 | J48: 37
A49: 22 | B49: Цена поставщика | C49: Коробка КМ41237 распаячная для о/п d75х40мм IP44 (RAL7035, 4 гермоввода) UKO11-075-040-000-K41-44 | D49: шт. | E49: 21 | F49: 3,52 23,07/1.18/5.56 | J49: 74
A50: 23 | B50: ТЕРм10-04-030-04 | C50: Дополнительная установка на пультах и панелях колодки клеммной на 20 клемм | D50: 1 шт. | E50: 90 | F50: 27.06 | G50: 11.51 | J50: 2435 | K50: 1036 | N50: 1 | O50: 90
A51: 24 | B51: ТСЦ-509-0213 прим. | C51: Клеммная колодка | D51: шт. | E51: 90 | F51: 16.64 | J51: 1498
A52: 25 | B52: ТСЦ-508-0086 | C52: Канат двойной свивки типа ТК, конструкции 6х19(1+6+12)+1 о.с., без покрытия из проволок марки В, маркировочная группа 1770 н/мм2, диаметром 5,8 мм | D52: 10 м | E52: 4.4 | F52: 72.65 | J52: 320
A53: Итого по разделу 2 Монтажные работы | J53: 29262 | O53: 247.54 | Q53: 33.9
A54: ИТОГИ ПО СМЕТЕ:
A55: Итого прямые затраты по смете в ценах 2001г. | J55: 21442 | K55: 2378 | L55: 1875 | M55: 401 | O55: 189.84 | Q55: 25.12
A56: Итого прямые затраты по смете с учетом коэффициентов к итогам | J56: 23293 | K56: 3327 | L56: 2554 | M56: 564 | O56: 254.36 | Q56: 33.91
A57: В том числе, справочно:
A58: Районный к-т 4,3% (Поз. 1-2, 4, 3, 8, 12, 14-15, 18-19, 23) | J58: 120 | K58: 102 | L58: 17 | M58: 17
A59: Заготовительно-складские расходы на материалы - согласно п.4.64 из МДС 81-35.2004 МАТ=1,02 (Поз. 5-7, 9, 11, 13, 16-17, 22) | J59: 223
A60: 2. Производство монтажных работ в существующих зданиях и сооружениях в стесненных условиях ОЗП=1,35; ЭМ=1,35; ЗПМ=1,35; ТЗ=1,35; ТЗМ=1,35 (Поз. 3, 8, 12, 14-15, 18-19, 23) | J60: 1508 | K60: 846 | L60: 662 | M60: 146 | O60: 64.5225 | Q60: 8.7885
A61: Накладные расходы | J61: 3647
A62: В том числе, справочно:
A63: 85% ФОТ (от 63) (Поз. 1-2, 4) | J63: 54
A64: 92% ФОТ (от 1459) (Поз. 23) | J64: 1342
A65: 95% ФОТ (от 2369) (Поз. 3, 8, 12, 14-15, 18-19) | J65: 2251
A66: Сметная прибыль | J66: 2529
A67: В том числе, справочно:
A68: 65% ФОТ (от 3891) (Поз. 1-2, 4, 3, 8, 12, 14-15, 18-19, 23) | J68: 2529
A69: Итоги по смете:
A70: Итого | J70: 29469 | O70: 254.36 | Q70: 33.91
A71: В том числе:
A72: Материалы | J72: 17412
A73: Машины и механизмы | J73: 2554
A74: ФОТ | J74: 3891
A75: Накладные расходы | J75: 3647
A76: Сметная прибыль | J76: 2529
A77: ВСЕГО по смете | J77: 29469 | O77: 254.36 | Q77: 33.91
B79: ПРИМЕЧАНИЕ: материал от разборки, пригодный для дальнейшего использования, передается балансодержателю по акту
B81: Начальник отд. 078 _________________________ Т.М.Ковязина | I81: Составил ведущий инженер __________________ В.В.Воронкова
I82: 25.02.14 г.

Sheet 25181.
A1: СОГЛАСОВАНО: | E1: ФГУП "Комбинат "Электрохимприбор" | M1: УТВЕРЖДАЮ:
G2: (наименование стройки) | M2: Зам. генерального директора
A3: _____________________________ | M3: Е.В.Гордеев
A4: " _____ " ________________ 2014г. | G4: ЛОКАЛЬНЫЙ СМЕТНЫЙ РАСЧЕТ № 25181-П14
G5: (взамен сметы 25181) | M5: "______ " __________2014 г.
C7: на | D7: строительно-монтажные работы по реконструкции помещений 225,225а (санпропускника)
D8: Площадка 3 Здание 106/118, пом 225, 255а (инв.№ 6101000) Раздел: Вентиляция
H9: (наименование работ и затрат, наименование объекта)
D11: Основание: Проект № 24792-13-ОВ КПМ Ц6053.518
D12: Сметная стоимость строительных работ _______________________________________________________________________________________________ | J12: ___________________________16,648 | L12: тыс. руб.
D13: Средства на оплату труда _______________________________________________________________________________________________ | J13: ___________________________1,072 | L13: тыс. руб.
D14: Сметная трудоемкость _______________________________________________________________________________________________ | J14: _______________________________________________________________________________________________79,45 | L14: чел.час
D15: Составлен(а) в базовых ценах 2001г. в редакции 2009г.
A17: № пп | B17: Обоснование | C17: Наименование | D17: Ед. изм. | E17: Кол. | F17: Стоимость единицы, руб. | J17: Общая стоимость, руб. | N17: Т/з осн. раб.на ед. | O17: Т/з осн. раб. Всего | P17: Т/з мех. на ед. | Q17: Т/з мех. Всего
F18: Всего | G18: В том числе | J18: Всего | K18: В том числе
G19: Осн.З/п | H19: Эк.Маш | I19: З/пМех | K19: Осн.З/п | L19: Эк.Маш | M19: З/пМех
A20: 1 | B20: 2 | C20: 3 | D20: 4 | E20: 5 | F20: 6 | G20: 7 | H20: 8 | I20: 9 | J20: 10 | K20: 11 | L20: 12 | M20: 13 | N20: 14 | O20: 15 | P20: 16 | Q20: 17
A21: Раздел 1. Система В-1*
A22: 1 | B22: ТЕР20-03-001-01 | C22: Установка вентиляторов радиальных массой до 0,05 т | D22: 1 вентилятор | E22: 1 | F22: 100.35 | G22: 78.55 | H22: 6.66 | I22: 0.18 | J22: 100 | K22: 79 | L22: 7 | N22: 6.54 | O22: 6.54 | P22: 0.01 | Q22: 0.01
A23: 2 | B23: Цена поставщика. | C23: Вентилятор канальный К 315 L | D23: комп-кт | E23: 1 | F23: 2221,79 14290,91/1,18/5,56*1,02 | J23: 2222
A24: 3 | B24: Цена поставщика. | C24: Трансформатор RE 1,5 | D24: шт | E24: 1 | F24: 728,53 4686,00/1,18/5,56*1,02 | J24: 729
A25: 4 | B25: Цена поставщика. | C25: Быстросъемная муфта FK 315 | D25: шт | E25: 2 | F25: 86,84 558,60/1,18/5,56*1,02 | J25: 174
A26: 5 | B26: ТЕР20-02-004-01 | C26: Установка клапанов обратных диаметром до 355 мм | D26: 1 клапан | E26: 1 | F26: 24.14 | G26: 12.85 | H26: 1.84 | J26: 24 | K26: 13 | L26: 2 | N26: 1.03 | O26: 1.03
A27: 6 | B27: Цена поставщика. | C27: Обратный клапан RSK- 315 L=140мм | D27: шт | E27: 1 | F27: 160,91 1035,00/1,18/5,56*1,02 | J27: 161
A28: 7 | B28: ТЕР20-05-003-01 прим. | C28: Установка панели равномерного всасывания. | D28: 10 шт | E28: 0.1 | F28: 2170.3 | G28: 519.91 | H28: 1396.79 | I28: 198.38 | J28: 217 | K28: 52 | L28: 140 | M28: 20 | N28: 38.37 | O28: 3.84 | P28: 10.9 | Q28: 1.09
A29: 8 | B29: Цена поставщика. | C29: Панель равномерного всасывания типа 1П6; | D29: шт | E29: 1 | F29: 1398,29 8994,00/1,18/5,56*1,02 | J29: 1398
A30: 9 | B30: ТЕР20-01-002-22 прим. | C30: Шахта из листовой оцинкованной стали класса П (плотные) толщиной 1,4 мм, ф 315 | D30: 100 м2 | E30: 0.01 | F30: 1459.57 | G30: 663.43 | H30: 147.61 | I30: 7.28 | J30: 15 | K30: 7 | L30: 1 | N30: 53.85 | O30: 0.54 | P30: 0.4
A31: 10 | B31: ТСЦ-301-1821 прим. | C31: Шахта из листовой оцинкованной стали класса П (плотные) толщиной 1,4 мм, ф 315 | D31: м2 | E31: 1 | F31: 357.5 | J31: 358
A32: 11 | B32: ТЕР20-01-002-18 прим. | C32: Прокладка перехода из оцинкованной стали ф 315хф280 L=300мм | D32: 100 м2 | E32: 0.0028 | F32: 1769.5 | G32: 996.44 | H32: 122.03 | I32: 5.1 | J32: 5 | K32: 3 | N32: 80.88 | O32: 0.23 | P32: 0.28
A33: 12 | B33: ТСЦ-301-1798 прим. | C33: Переход из оцинкованной стали ф 315хф280 L=300мм | D33: м2 | E33: 0.28 | F33: 272.33 | J33: 76
A34: 13 | B34: ТЕР20-01-002-18 прим. | C34: Прокладка отвода из оцинкованной стали ф 315 | D34: 100 м2 | E34: 0.0348 | F34: 1769.5 | G34: 996.44 | H34: 122.03 | I34: 5.1 | J34: 62 | K34: 35 | L34: 4 | N34: 80.88 | O34: 2.81 | P34: 0.28 | Q34: 0.01
A35: 14 | B35: ТСЦ-301-1798 прим. | C35: Отвод из оцинкованной стали ф 315 | D35: м2 | E35: 3.48 | F35: 272.33 | J35: 948
A36: 15 | B36: ТЕР20-01-002-18 прим. | C36: Прокладка воздуховодов из оцинкованной стали класса П (плотные) толщиной 1,0 мм, диаметром 315 | D36: 100 м2 | E36: 0.005 | F36: 1769.5 | G36: 996.44 | H36: 122.03 | I36: 5.1 | J36: 9 | K36: 5 | L36: 1 | N36: 80.88 | O36: 0.4 | P36: 0.28
A37: 16 | B37: ТСЦ-301-1798 | C37: Воздуховоды из оцинкованной стали толщиной 1,0 мм, диаметром до 1000 мм | D37: м2 | E37: 0.5 | F37: 272.33 | J37: 136
A38: 17 | B38: ТСЦ-301-0475 | C38: Крепления для воздуховодов подвески СТД6208, СТД6209, СТД6210 | D38: т | E38: 0.006 | F38: 8739.36 | J38: 52
A39: 18 | B39: ТЕР20-02-008-01 прим. | C39: Установка: насадок с водоотводящим кольцом НВК-315 | D39: 100 кг | E39: 0.17 | F39: 76.62 | G39: 52.6 | H39: 10.92 | J39: 13 | K39: 9 | L39: 2 | N39: 3.97 | O39: 0.67
A40: 19 | B40: ТСЦ-301-2028 прим. | C40: Стоимость: насадок с водоотводящим кольцом. | D40: кг | E40: 17 | F40: 11.61 | J40: 197
A41: 20 | B41: ТЕР13-03-002-04 прим. | C41: Огрунтовка воздуховодов | D41: 100 м2 | E41: 0.16 | F41: 417.46 | G41: 79.65 | H41: 10.15 | I41: 0.16 | J41: 67 | K41: 13 | L41: 2 | N41: 5.31 | O41: 0.85 | P41: 0.01
A42: 21 | B42: ТЕР13-03-004-23 прим. | C42: Окраска воздуховодов изнутри, (количество окрасок 1) | D42: 100 м2 | E42: 0.08 | F42: 388.79 | G42: 36.81 | H42: 13.3 | I42: 0.16 | J42: 31 | K42: 3 | L42: 1 | N42: 2.88 | O42: 0.23 | P42: 0.01
A43: 22 | B43: ТЕР13-03-004-23 прим. | C43: Окраска воздуховодов снаружи КОЭФ. К ПОЗИЦИИ: Количество окрасок ПЗ=2 | D43: 100 м2 | E43: 0.08 | F43: 777.58 | G43: 73.62 | H43: 26.6 | I43: 0.32 | J43: 62 | K43: 6 | L43: 2 | N43: 5.76 | O43: 0.46 | P43: 0.02
A44: Раздел 2. Система В-2*
A45: 23 | B45: ТЕР20-03-001-01 | C45: Установка вентиляторов радиальных массой до 0,05 т | D45: 1 вентилятор | E45: 1 | F45: 100.35 | G45: 78.55 | H45: 6.66 | I45: 0.18 | J45: 100 | K45: 79 | L45: 7 | N45: 6.54 | O45: 6.54 | P45: 0.01 | Q45: 0.01
A46: 24 | B46: Цена поставщика. | C46: Вентилятор канальный К 200М | D46: комп-кт | E46: 1 | F46: 1208,6 7773,88/1,18/5,56*1,02 | J46: 1209
A47: 25 | B47: Цена поставщика. | C47: Трансформатор RE 1,5 | D47: шт | E47: 1 | F47: 728,53 4686,00/1,18/5,56*1,02 | J47: 729
A48: 26 | B48: Цена поставщика. | C48: Быстросъемная муфта FK 200 | D48: шт | E48: 2 | F48: 65,13 418,95/1,18/5,56*1,02 | J48: 130
A49: 27 | B49: ТЕР20-01-001-03 | C49: Прокладка воздуховодов из листовой, оцинкованной стали и алюминия класса Н (нормальные) толщиной 0,5 мм, периметром 800, 1000 мм | D49: 100 м2 | E49: 0.004 | F49: 2601.53 | G49: 1893.46 | H49: 136.2 | I49: 7.46 | J49: 10 | K49: 8 | L49: 1 | N49: 153.69 | O49: 0.61 | P49: 0.41
A50: 28 | B50: ТСЦ-301-1793 прим. | C50: Воздуховоды из оцинкованной стали толщиной 0,55 мм, периметром до 1000 мм | D50: м2 | E50: 0.4 | F50: 267.29 | J50: 107
A51: 29 | B51: ТЕР20-01-001-10 | C51: Прокладка воздуховодов из листовой, оцинкованной стали и алюминия класса Н (нормальные) толщиной 0,7 мм, периметром от 1100 до 1600 мм | D51: 100 м2 | E51: 0.03 | F51: 2260.48 | G51: 1638.31 | H51: 127.29 | I51: 6.92 | J51: 68 | K51: 49 | L51: 4 | N51: 132.98 | O51: 3.99 | P51: 0.38 | Q51: 0.01
A52: 30 | B52: ТСЦ-301-1793 | C52: Воздуховоды из оцинкованной стали толщиной 0,7 мм, периметром до 1000 мм | D52: м2 | E52: 3 | F52: 267.29 | J52: 802
A53: 31 | B53: ТЕР20-01-002-22 прим. | C53: Шахта из листовой оцинкованной стали толщиной 1,4 мм, ф 200 | D53: 100 м2 | E53: 0.008 | F53: 1459.57 | G53: 663.43 | H53: 147.61 | I53: 7.28 | J53: 12 | K53: 5 | L53: 1 | N53: 53.85 | O53: 0.43 | P53: 0.4
A54: 32 | B54: ТСЦ-301-1821 прим. | C54: Шахта из листовой оцинкованной стали толщиной 1,4 мм, ф 200 | D54: м2 | E54: 0.8 | F54: 357.5 | J54: 286
A55: 33 | B55: ТЕР20-01-002-18 прим. | C55: Прокладка перехода из оцинкованной стали 200х300-200х200 L=300мм | D55: 100 м2 | E55: 0.0054 | F55: 1769.5 | G55: 996.44 | H55: 122.03 | I55: 5.1 | J55: 10 | K55: 5 | L55: 1 | N55: 80.88 | O55: 0.44 | P55: 0.28
A56: 34 | B56: ТСЦ-301-1798 прим. | C56: Переход из оцинкованной стали 200х300-200х200 L=300мм | D56: м2 | E56: 0.54 | F56: 272.33 | J56: 147
A57: 35 | B57: ТЕР20-01-002-18 прим. | C57: Прокладка отвода из оцинкованной стали 200х200 | D57: 100 м2 | E57: 0.0042 | F57: 1769.5 | G57: 996.44 | H57: 122.03 | I57: 5.1 | J57: 7 | K57: 4 | L57: 1 | N57: 80.88 | O57: 0.34 | P57: 0.28
A58: 36 | B58: ТСЦ-301-1798 прим. | C58: Отвод из оцинкованной стали 200х200 | D58: м2 | E58: 0.42 | F58: 272.33 | J58: 114
A59: 37 | B59: ТСЦ-301-0475 | C59: Крепления для воздуховодов подвески СТД6208, СТД6209, СТД6210 | D59: т | E59: 0.006 | F59: 8739.36 | J59: 52
A60: 38 | B60: ТЕР20-02-003-11 | C60: Установка решеток жалюзийных стальных щелевых регулирующих (Р), номер 200, размер 200х200 мм | D60: 1 решетка | E60: 4 | F60: 23.92 | G60: 13.51 | H60: 1.86 | J60: 96 | K60: 54 | L60: 7 | N60: 1.07 | O60: 4.28
A61: 39 | B61: ТЕР20-02-013-01 | C61: Установка узлов прохода вытяжных вентиляционных шахт диаметром патрубка до 250 мм | D61: 10 узлов | E61: 0.1 | F61: 420.15 | G61: 337.72 | H61: 4.71 | J61: 42 | K61: 34 | N61: 28.12 | O61: 2.81
A62: 40 | B62: ТСЦ-301-3114 | C62: Узлы прохода вытяжных вентиляционных шахт из листовой и сортовой стали с неутепленным клапаном и кольцом для сбора конденсата диаметром патрубка до 250 мм | D62: шт. | E62: 1 | F62: 1035.3 | J62: 1035
A63: 41 | B63: ТЕР20-02-009-01 | C63: Установка зонтов над шахтами из листовой стали круглого сечения диаметром 200 мм | D63: 1 зонт | E63: 1 | F63: 11.35 | G63: 6.08 | H63: 1.8 | J63: 11 | K63: 6 | L63: 2 | N63: 0.47 | O63: 0.47
A64: 42 | B64: ТСЦ-301-0277 | C64: Зонты вентиляционных систем из листовой оцинкованной стали, круглые, диаметром шахты 200 мм | D64: шт. | E64: 1 | F64: 182.16 | J64: 182
A65: 43 | B65: ТЕР13-03-002-04 прим. | C65: Огрунтовка воздуховодов | D65: 100 м2 | E65: 0.2 | F65: 417.46 | G65: 79.65 | H65: 10.15 | I65: 0.16 | J65: 83 | K65: 16 | L65: 2 | N65: 5.31 | O65: 1.06 | P65: 0.01
A66: 44 | B66: ТЕР13-03-004-23 прим. | C66: Окраска воздуховодов изнутри, (количество окрасок 1) | D66: 100 м2 | E66: 0.1 | F66: 388.79 | G66: 36.81 | H66: 13.3 | I66: 0.16 | J66: 39 | K66: 4 | L66: 1 | N66: 2.88 | O66: 0.29 | P66: 0.01
A67: 45 | B67: ТЕР13-03-004-23 прим. | C67: Окраска воздуховодов снаружи КОЭФ. К ПОЗИЦИИ: Количество окрасок ПЗ=2 | D67: 100 м2 | E67: 0.1 | F67: 777.58 | G67: 73.62 | H67: 26.6 | I67: 0.32 | J67: 78 | K67: 7 | L67: 3 | N67: 5.76 | O67: 0.58 | P67: 0.02
A68: Раздел 3. Система ВЕ-1*
A69: 46 | B69: ТЕР20-01-001-01 | C69: Прокладка воздуховодов из листовой, оцинкованной стали и алюминия класса Н (нормальные) толщиной 0,5 мм, диаметром до 200 мм | D69: 100 м2 | E69: 0.015 | F69: 2810.67 | G69: 2068.04 | H69: 170.31 | I69: 9.46 | J69: 42 | K69: 31 | L69: 3 | N69: 167.86 | O69: 2.52 | P69: 0.52 | Q69: 0.01
A70: 47 | B70: ТСЦ-301-1786 | C70: Воздуховоды из оцинкованной стали толщиной 0,5 мм, диаметром до 200 мм | D70: м2 | E70: 1.5 | F70: 347.48 | J70: 521
A71: 48 | B71: ТЕР20-01-001-18 прим. | C71: Шахта из листовой оцинкованной стали толщиной 1,0мм, ф 160 | D71: 100 м2 | E71: 0.01 | F71: 1522.92 | G71: 996.44 | H71: 122.03 | I71: 5.1 | J71: 15 | K71: 10 | L71: 1 | N71: 80.88 | O71: 0.81 | P71: 0.28
A72: 49 | B72: ТСЦ-301-1798 прим. | C72: Шахта из листовой оцинкованной стали толщиной 1,0 мм, ф 160 | D72: м2 | E72: 1 | F72: 272.33 | J72: 272
A73: 50 | B73: ТЕР20-01-002-18 прим. | C73: Прокладка тройника из оцинкованной стали ф160хф160 L=300мм | D73: 100 м2 | E73: 0.0026 | F73: 1769.5 | G73: 996.44 | H73: 122.03 | I73: 5.1 | J73: 5 | K73: 3 | N73: 80.88 | O73: 0.21 | P73: 0.28
A74: 51 | B74: ТСЦ-301-1798 прим. | C74: Тройник из оцинкованной стали ф160хф160 L=300мм | D74: м2 | E74: 0.26 | F74: 272.33 | J74: 71
A75: 52 | B75: ТЕР20-01-002-18 прим. | C75: Прокладка перехода из оцинкованной стали ф160-150х150 L=300мм | D75: 100 м2 | E75: 0.0017 | F75: 1769.5 | G75: 996.44 | H75: 122.03 | I75: 5.1 | J75: 3 | K75: 2 | N75: 80.88 | O75: 0.14 | P75: 0.28
A76: 53 | B76: ТСЦ-301-1798 прим. | C76: Переход из оцинкованной стали ф160-150х150 L=300мм | D76: м2 | E76: 0.17 | F76: 272.33 | J76: 46
A77: 54 | B77: ТСЦ-301-0475 | C77: Крепления для воздуховодов подвески СТД6208, СТД6209, СТД6210 | D77: т | E77: 0.004 | F77: 8739.36 | J77: 35
A78: 55 | B78: ТЕР20-02-003-10 | C78: Установка решеток жалюзийных стальных щелевых регулирующих (Р), номер 150, размер 150х150 мм | D78: 1 решетка | E78: 2 | F78: 21.9 | G78: 13.51 | H78: 1.86 | J78: 44 | K78: 27 | L78: 4 | N78: 1.07 | O78: 2.14
A79: 56 | B79: ТЕР20-02-009-01 прим. | C79: Установка зонтов над шахтами из листовой стали круглого сечения диаметром до 200 мм | D79: 1 зонт | E79: 1 | F79: 11.35 | G79: 6.08 | H79: 1.8 | J79: 11 | K79: 6 | L79: 2 | N79: 0.47 | O79: 0.47
A80: 57 | B80: ТСЦ-301-0277 прим. | C80: Зонты вентиляционных систем из листовой оцинкованной стали, круглые, диаметром шахты до 200 мм | D80: шт. | E80: 1 | F80: 182.16 | J80: 182
A81: 58 | B81: ТЕР13-03-002-04 прим. | C81: Огрунтовка воздуховодов | D81: 100 м2 | E81: 0.118 | F81: 417.46 | G81: 79.65 | H81: 10.15 | I81: 0.16 | J81: 49 | K81: 9 | L81: 1 | N81: 5.31 | O81: 0.63 | P81: 0.01
A82: 59 | B82: ТЕР13-03-004-23 прим. | C82: Окраска воздуховодов изнутри, (количество окрасок 1) | D82: 100 м2 | E82: 0.058 | F82: 388.79 | G82: 36.81 | H82: 13.3 | I82: 0.16 | J82: 23 | K82: 2 | L82: 1 | N82: 2.88 | O82: 0.17 | P82: 0.01
A83: 60 | B83: ТЕР13-03-004-23 прим. | C83: Окраска воздуховодов снаружи КОЭФ. К ПОЗИЦИИ: Количество окрасок ПЗ=2 | D83: 100 м2 | E83: 0.058 | F83: 777.58 | G83: 73.62 | H83: 26.6 | I83: 0.32 | J83: 45 | K83: 4 | L83: 2 | N83: 5.76 | O83: 0.33 | P83: 0.02
A84: Раздел 4. Леса
A85: 61 | B85: ТЕР08-07-001-02 | C85: Установка и разборка наружных инвентарных лесов высотой до 16 м трубчатых КОЭФ. К ПОЗИЦИИ: Высота 8 м ПЗ=0,5 | D85: 100 м2 | E85: 0.395 | F85: 537.71 | G85: 264.7 | H85: 3.82 | J85: 212 | K85: 105 | L85: 2 | N85: 21.75 | O85: 8.59
A86: Итого прямые затраты по смете в ценах 2001г. | J86: 13981 | K86: 695 | L86: 208 | M86: 20 | O86: 55.45 | Q86: 1.14
A87: Итого прямые затраты по смете с учетом коэффициентов к итогам | J87: 14447 | K87: 1040 | L87: 329 | M87: 32 | O87: 79.45 | Q87: 1.8
A88: В том числе, справочно:
A89: Районный к-т 4,3% (Поз. 1, 5, 7, 9, 11, 13, 15, 18, 23, 27, 29, 31, 33, 35, 38-39, 41, 46, 48, 50, 52, 55-56, 20-22, 43-45, 58-61) | J89: 32 | K89: 30 | L89: 1 | M89: 1
A90: При ремонте и реконструкции зданий и сооружений работы, аналогичные технологическим процессам в новом строительстве ОЗП=1,15; ЭМ=1,25; ЗПМ=1,25; ТЗ=1,15; ТЗМ=1,25 (Поз. 1, 5, 7, 9, 11, 13, 15, 18, 23, 27, 29, 31, 33, 35, 38-39, 41, 46, 48, 50, 52, 55-56, 20-22, 43-45, 58-61) | J90: 162 | K90: 109 | L90: 52 | M90: 5 | O90: 8.3175 | Q90: 0.285
A91: Испытание систем вентиляции. (п. 1.20.19 Тех.часть) ОЗП=1,05; ЭМ=1,05; ЗПМ=1,05; ТЗ=1,05; ТЗМ=1,05 (Поз. 1, 5, 7, 9, 11, 13, 15, 18, 23, 27, 29, 31, 33, 35, 38-39, 41, 46, 48, 50, 52, 55-56) | J91: 44 | K91: 32 | L91: 12 | M91: 1 | O91: 2.43 | Q91: 0.0715
A92: Условия производства работ ОЗП=1,2; ЭМ=1,2; ЗПМ=1,2; ТЗ=1,2; ТЗМ=1,2 (Поз. 1, 5, 7, 9, 11, 13, 15, 18, 23, 27, 29, 31, 33, 35, 38-39, 41, 46, 48, 50, 52, 55-56, 20-22, 43-45, 58-61) | J92: 228 | K92: 173 | L92: 55 | M92: 5 | O92: 13.24 | Q92: 0.3
A93: Накладные расходы | J93: 1328
A94: В том числе, справочно:
A95: 90% ФОТ (от 92) (Поз. 20-22, 43-45, 58-60) | J95: 83
A96: 122% ФОТ (от 152) (Поз. 61) | J96: 185
A97: 128% ФОТ (от 828) (Поз. 1, 5, 7, 9, 11, 13, 15, 18, 23, 27, 29, 31, 33, 35, 38-39, 41, 46, 48, 50, 52, 55-56) | J97: 1060
A98: Сметная прибыль | J98: 873
A99: В том числе, справочно:
A100: 70% ФОТ (от 92) (Поз. 20-22, 43-45, 58-60) | J100: 64
A101: 80% ФОТ (от 152) (Поз. 61) | J101: 122
A102: 83% ФОТ (от 828) (Поз. 1, 5, 7, 9, 11, 13, 15, 18, 23, 27, 29, 31, 33, 35, 38-39, 41, 46, 48, 50, 52, 55-56) | J102: 687
A103: Итоги по смете:
...

Sheet 25262
A1: СОГЛАСОВАНО: | E1: ФГУП "Комбинат "Электрохимприбор" | M1: УТВЕРЖДАЮ:
G2: (наименование стройки) | M2: Зам. генерального директора
A3: _____________________________ | M3: Е.В.Гордеев
A4: " _____ " ________________ 2014г. | G4: ЛОКАЛЬНЫЙ СМЕТНЫЙ РАСЧЕТ № 25262
M5: "______ " __________2014 г.
C7: на | D7: строительно-монтажные работы по реконструкции помещений 225,225а (санпропускника)
D8: Площадка 3 Здание 106/118 (инв.№ 6101000) Раздел: Пусконаладочные работы
H9: (наименование работ и затрат, наименование объекта)
D11: Основание: Проект № 24792-13-ОВ КПМ Ц6053.518
D12: Сметная стоимость прочих _______________________________________________________________________________________________ | J12: ___________________________3,044 | L12: тыс. руб.
D13: Средства на оплату труда _______________________________________________________________________________________________ | J13: ___________________________1,485 | L13: тыс. руб.
D14: Сметная трудоемкость _______________________________________________________________________________________________ | J14: _______________________________________________________________________________________________100,05 | L14: чел.час
D15: Составлен(а) в базовых ценах 2001г. в редакции 2009г.
A17: № пп | B17: Обоснование | C17: Наименование | D17: Ед. изм. | E17: Кол. | F17: Стоимость единицы, руб. | J17: Общая стоимость, руб. | N17: Т/з осн. раб.на ед. | O17: Т/з осн. раб. Всего | P17: Т/з мех. на ед. | Q17: Т/з мех. Всего
F18: Всего | G18: В том числе | J18: Всего | K18: В том числе
G19: Осн.З/п | H19: Эк.Маш | I19: З/пМех | K19: Осн.З/п | L19: Эк.Маш | M19: З/пМех
A20: 1 | B20: 2 | C20: 3 | D20: 4 | E20: 5 | F20: 6 | G20: 7 | H20: 8 | I20: 9 | J20: 10 | K20: 11 | L20: 12 | M20: 13 | N20: 14 | O20: 15 | P20: 16 | Q20: 17
A21: Раздел 1. Пусконаладочные работы по проекту 24792-13-ОВ
A22: Система В-1*
A23: 1 | B23: ТЕРп03-01-002-13 | C23: Вентилятор радиальный (центробежный), диаметральный или крышный до массой до 0,05т | D23: 1 устройство | E23: 1 | F23: 92.79 | G23: 92.79 | J23: 93 | K23: 93 | N23: 5 | O23: 5
A24: 2 | B24: ТЕРп03-01-011-05 | C24: Регулировочно-запорное устройство клапан обратный | D24: 1 устройство | E24: 1 | F24: 53.36 | G24: 53.36 | J24: 53 | K24: 53 | N24: 2.8 | O24: 2.8
A25: 3 | B25: ТЕРп03-01-001-01 | C25: Шахта вытяжная (дефлектор) | D25: 1 устройство | E25: 1 | F25: 25.83 | G25: 25.83 | J25: 26 | K25: 26 | N25: 1.4 | O25: 1.4
A26: 4 | B26: ТЕРп03-01-022-01 | C26: Сеть систем вентиляции и кондиционирования воздуха при количестве сечений до 5 | D26: 1 вентиляционная сеть | E26: 1 | F26: 190.58 | G26: 190.58 | J26: 191 | K26: 191 | N26: 10 | O26: 10
A27: Система В-2*
A28: 5 | B28: ТЕРп03-01-002-13 | C28: Вентилятор радиальный (центробежный), диаметральный или крышный до массой до 0,05т | D28: 1 устройство | E28: 1 | F28: 92.79 | G28: 92.79 | J28: 93 | K28: 93 | N28: 5 | O28: 5
A29: 6 | B29: ТЕРп03-01-001-01 | C29: Шахта вытяжная (дефлектор) | D29: 1 устройство | E29: 1 | F29: 25.83 | G29: 25.83 | J29: 26 | K29: 26 | N29: 1.4 | O29: 1.4
A30: 7 | B30: ТЕРп03-01-022-01 | C30: Сеть систем вентиляции и кондиционирования воздуха при количестве сечений до 5 | D30: 1 вентиляционная сеть | E30: 4 | F30: 190.58 | G30: 190.58 | J30: 762 | K30: 762 | N30: 10 | O30: 40
A31: Система ВЕ-1*
A32: 8 | B32: ТЕРп03-01-001-01 | C32: Шахта вытяжная (дефлектор) | D32: 1 устройство | E32: 1 | F32: 25.83 | G32: 25.83 | J32: 26 | K32: 26 | N32: 1.4 | O32: 1.4
A33: 9 | B33: ТЕРп03-01-022-01 | C33: Сеть систем вентиляции и кондиционирования воздуха при количестве сечений до 5 | D33: 1 вентиляционная сеть | E33: 2 | F33: 190.58 | G33: 190.58 | J33: 381 | K33: 381 | N33: 10 | O33: 20
A34: Итого прямые затраты по смете в ценах 2001г. | J34: 1651 | K34: 1651 | O34: 87
A35: Итого прямые затраты по смете с учетом коэффициентов к итогам | J35: 1485 | K35: 1485 | O35: 100.05
A36: В том числе, справочно:
A37: Районный к-т 4,3% (Поз. 1-9) | J37: 71 | K37: 71
A38: 3. ПНР на действующих предприятиях ОЗП=1,15; ТЗ=1,15 (Поз. 1-9) | J38: 258 | K38: 258 | O38: 13.05
A39: Пусконаладочные работы: (в холостую 75%) ПЗ=0,75 (ОЗП=0,75; ЭМ=0,75; ЗПМ=0,75; МАТ=0,75) (Поз. 1-9) | J39: -495 | K39: -495
A40: Накладные расходы | J40: 965
A41: В том числе, справочно:
A42: 65% ФОТ (от 1485) (Поз. 1-9) | J42: 965
A43: Сметная прибыль | J43: 594
A44: В том числе, справочно:
A45: 40% ФОТ (от 1485) (Поз. 1-9) | J45: 594
A46: Итоги по смете:
A47: Пусконаладочные работы: 'вхолостую' - 75% | J47: 3044 | O47: 100.05
A48: Итого | J48: 3044 | O48: 100.05
A49: В том числе:
A50: ФОТ | J50: 1485
A51: Накладные расходы | J51: 965
A52: Сметная прибыль | J52: 594
A53: ВСЕГО по смете | J53: 3044 | O53: 100.05
B55: Начальник отд.078 _________________________Т.М.Ковязина | I55: Составил инженер-сметчик __________________ Н.А.Батаева
I56: 25.02.14г.
I57: Ведущий инженер отд.078____________________ В.В.Воронкова

Sheet 25263
A1: СОГЛАСОВАНО: | E1: ФГУП "Комбинат "Электрохимприбор" | M1: УТВЕРЖДАЮ:
G2: (наименование стройки) | M2: Зам. генерального директора
M3: Е.В.Гордеев
A4: _________________ | M4: _________________
A5: " _____ " ________________ 2014 г. | M5: "______ " __________2014 г.
G6: ЛОКАЛЬНЫЙ СМЕТНЫЙ РАСЧЕТ № 25263
G7: (локальная смета)
C9: на | D9: строительно-монтажные работы по реконструкции помещений 225, 225а (санпропускник)
E10: Площадка 3. Здание 106 (инв.№ 6101000).
E11: Раздел: Пусконаладочные работы.
H12: (наименование работ и затрат, наименование объекта)
D14: Основание: проект № 24788-13-ЭМО КПМ Ц6053.518
D15: Сметная стоимость прочих (ПНР "в холостую") ___________________ | J15: ___________________________0,783 | L15: тыс. руб.
D16: Средства на оплату труда _______________________________________________________________________________________________ | J16: ___________________________0,382 | L16: тыс. руб.
D17: Сметная трудоемкость _______________________________________________________________________________________________ | J17: _______________________________________________________________________________________________20,38 | L17: чел.час
D18: Составлен(а) в базовых ценах 2001г. в редакции 2009г.
A20: № пп | B20: Обоснование | C20: Наименование | D20: Ед. изм. | E20: Кол. | F20: Стоимость единицы, руб. | J20: Общая стоимость, руб. | N20: Т/з осн. раб.на ед. | O20: Т/з осн. раб. Всего | P20: Т/з мех. на ед. | Q20: Т/з мех. Всего
F21: Всего | G21: В том числе | J21: Всего | K21: В том числе
G22: Осн.З/п | H22: Эк.Маш | I22: З/пМех | K22: Осн.З/п | L22: Эк.Маш | M22: З/пМех
A23: 1 | B23: 2 | C23: 3 | D23: 4 | E23: 5 | F23: 6 | G23: 7 | H23: 8 | I23: 9 | J23: 10 | K23: 11 | L23: 12 | M23: 13 | N23: 14 | O23: 15 | P23: 16 | Q23: 17
A24: 1 | B24: ТЕРп01-11-028-01 | C24: Измерение сопротивления изоляции мегаомметром кабельных и других линий напряжением до 1 кВ, предназначенных для передачи электроэнергии к распределительным устройствам, щитам, шкафам, коммутационным аппаратам и электропотребителям | D24: 1 линия | E24: 43 | F24: 7.22 | G24: 7.22 | J24: 310 | K24: 310 | N24: 0.4 | O24: 17.2
A25: 2 | B25: ТЕРп01-11-011-01 | C25: Проверка наличия цепи между заземлителями и заземленными элементами | D25: 100 точек | E25: 0.31 | F25: 288.64 | G25: 288.64 | J25: 89 | K25: 89 | N25: 16 | O25: 4.96
A26: Итого прямые затраты по смете в ценах 2001г. | J26: 399 | K26: 399 | O26: 22.16
A27: Итого прямые затраты по смете с учетом коэффициентов к итогам | J27: 382 | K27: 382 | O27: 20.38
A28: В том числе, справочно:
A29: Районный к-т 4,3% (Поз. 1-2) | J29: 17 | K29: 17
A30: 3. ПНР на действующих предприятиях в зданиях при наличии в зоне производства работ загромождающих помещения предметов ОЗП=1,15; ТЗ=1,15 (Поз. 1-2) | J30: 62 | K30: 62 | O30: 3.324
A31: Пусконаладочные работы (в холостую 80%) ПЗ=0,8 (ОЗП=0,8; ЭМ=0,8; ЗПМ=0,8; МАТ=0,8; ТЗ=0,8; ТЗМ=0,8) (Поз. 1-2) | J31: -96 | K31: -96 | O31: -5.096
A32: Накладные расходы | J32: 248
A33: В том числе, справочно:
A34: 65% ФОТ (от 382) (Поз. 1-2) | J34: 248
A35: Сметная прибыль | J35: 153
A36: В том числе, справочно:
A37: 40% ФОТ (от 382) (Поз. 1-2) | J37: 153
A38: Итоги по смете:
A39: Пусконаладочные работы: 'вхолостую' - 80% | J39: 783 | O39: 20.38
A40: Итого | J40: 783 | O40: 20.38
A41: В том числе:
A42: ФОТ | J42: 382
A43: Накладные расходы | J43: 248
A44: Сметная прибыль | J44: 153
A45: ВСЕГО по смете | J45: 783 | O45: 20.38
B47: Начальник отд. 078 _________________________ Т.М.Ковязина | I47: Составил ведущий инженер __________________ В.В.Воронкова
I48: 25.02.14 г.

Sheet СМР
A1: Расчет начальной (максимальной) цены на
A2: выполнение строительно-монтажных работ по реконструкции помещений 225, 225а (санпропускник)
A4: Наименование глав ССР, объектный сметных расчетов, локальных сметных расчетов, видов прочих работ | B4: Сметная стоимость строительства в базисном уровне цен на 01.01.2000г. по ССР | F4: Остаток сметной стоимости в базисном уровне цен на 01.01.2014 | J4: Сметная стоимость строительства в базисном уровне цен на 01.01.2000г., выставленная на конкурс | N4: Текущая стоимость на момент определения начальной (максимальной) цены | O4: № обосновывающего расчета | P4: 2014 год
B5: Всего | C5: СМР | D5: Оборудование | E5: Прочие | F5: Всего | G5: СМР | H5: Оборудование | I5: Прочие | J5: Всего | K5: СМР | L5: Оборудование | M5: Прочие | P5: СМР | Q5: Оборудование | R5: Прочие
A6: 1 | B6: 2 | C6: 3 | D6: 4 | E6: 5 | F6: 6 | G6: 7 | H6: 8 | I6: 9 | J6: 10 | K6: 11 | L6: 12 | M6: 13 | N6: 14 | O6: 15 | P6: 16 | Q6: 17 | R6: 18
A7: Водопровод, канализация. | B7: =SUM(C7:E7) -> 18651 | C7: ='25178'!J79 -> 18651 | F7: =SUM(G7:I7) -> 18651 | G7: =C7 -> 18651 | H7: =D7 -> 0 | I7: =E7 -> 0 | J7: =SUM(K7:M7) -> 18651 | K7: =P7 -> 18651 | L7: =Q7 -> 0 | M7: =R7 -> 0 | N7: =SUM(P7:R7) -> 18651 | O7: 25178 | P7: =G7 -> 18651 | Q7: =H7 -> 0 | R7: =I7 -> 0
A8: Архитектурно-строительные решения | B8: =SUM(C8:E8) -> 207059 | C8: ='25179.'!J168 -> 207059 | F8: =SUM(G8:I8) -> 207059 | G8: =C8 -> 207059 | H8: =D8 -> 0 | I8: =E8 -> 0 | J8: =SUM(K8:M8) -> 207059 | K8: =P8 -> 207059 | L8: =Q8 -> 0 | M8: =R8 -> 0 | N8: =SUM(P8:R8) -> 207059 | O8: 25179 | P8: =G8 -> 207059 | Q8: =H8 -> 0 | R8: =I8 -> 0
A9: Электрооборудование. Электрическое освещение. | B9: =SUM(C9:E9) -> 29469 | C9: ='25180'!J77 -> 29469 | D9: 0 | F9: =SUM(G9:I9) -> 29469 | G9: =C9 -> 29469 | H9: =D9 -> 0 | I9: =E9 -> 0 | J9: =SUM(K9:M9) -> 29469 | K9: =P9 -> 29469 | L9: =Q9 -> 0 | M9: =R9 -> 0 | N9: =SUM(P9:R9) -> 29469 | O9: 25180 | P9: =G9 -> 29469 | Q9: =H9 -> 0 | R9: =I9 -> 0
A10: Вентиляция | B10: =SUM(C10:E10) -> 16648 | C10: ='25181.'!J116 -> 16648 | F10: =SUM(G10:I10) -> 16648 | G10: =C10 -> 16648 | H10: =D10 -> 0 | I10: =E10 -> 0 | J10: =SUM(K10:M10) -> 16648 | K10: =P10 -> 16648 | L10: =Q10 -> 0 | M10: =R10 -> 0 | N10: =SUM(P10:R10) -> 16648 | O10: 25181 | P10: =G10 -> 16648 | Q10: =H10 -> 0 | R10: =I10 -> 0
A11: Пусконаладочные работы | B11: =SUM(C11:E11) -> 3044 | E11: ='25262'!J53 -> 3044 | F11: =SUM(G11:I11) -> 3044 | G11: =C11 -> 0 | H11: =D11 -> 0 | I11: =E11 -> 3044 | J11: =SUM(K11:M11) -> 3044 | K11: =P11 -> 0 | L11: =Q11 -> 0 | M11: =R11 -> 3044 | N11: =SUM(P11:R11) -> 3044 | O11: 25262 | P11: =G11 -> 0 | Q11: =H11 -> 0 | R11: =I11 -> 3044
A12: Пусконаладочные работы | B12: =SUM(C12:E12) -> 783 | E12: ='25263'!J45 -> 783 | F12: =SUM(G12:I12) -> 783 | G12: =C12 -> 0 | H12: =D12 -> 0 | I12: =E12 -> 783 | J12: =SUM(K12:M12) -> 783 | K12: =P12 -> 0 | L12: =Q12 -> 0 | M12: =R12 -> 783 | N12: =SUM(P12:R12) -> 783 | O12: 25263 | P12: =G12 -> 0 | Q12: =H12 -> 0 | R12: =I12 -> 783
A13: Итого в ценах 2000 года: | B13: =SUM(B7:B12) -> 275654 | C13: =SUM(C7:C12) -> 271827 | D13: =SUM(D7:D12) -> 0 | E13: =SUM(E7:E12) -> 3827 | F13: =SUM(F7:F12) -> 275654 | G13: =SUM(G7:G12) -> 271827 | H13: =SUM(H7:H12) -> 0 | I13: =SUM(I7:I12) -> 3827 | ... M13: =SUM(M7:M12) -> 3827 | N13: =SUM(P13:R13) -> 275654 | P13: =SUM(P7:P12) -> 271827 | Q13: =SUM(Q7:Q12) -> 0 | R13: =SUM(R7:R12) -> 3827
A14: Итого в текущих ценах*: | N14: =SUM(P14:R14) -> 1665632 | P14: =ROUND(P13*5.98,0) -> 1625525 | Q14: =ROUND(Q13*4.21,0) -> 0 | R14: =ROUND(R13*10.48,0) -> 40107
A15: НДС 18% | N15: =SUM(P15:R15) -> 299813.76 | P15: =ROUND(P14*18%,2) -> 292594.5 | Q15: =ROUND(Q14*18%,2) -> 0 | R15: =ROUND(R14*18%,2) -> 7219.26
A16: Всего: | N16: =SUM(P16:R16) -> 1965445.8 | P16: =SUM(P14:P15) -> 1918119.5 | Q16: =SUM(Q14:Q15) -> 0 | R16: =SUM(R14:R15) -> 47326.26
P17: 60000000
A18: * В расчете использованы индексы: | Q18: =P17-P16 -> 58081880
A19: - 5,98 индекс изменения сметной стоимости СМР к ТЕР 2001 (приказ ФГУП "Комбинат "Электрохимприбор" от 18.09.2013 №1902-П).
A20: - 10,48 индекс изменения сметной стоимости прочих затрат к ТЕР 2001 (приказ ФГУП "Комбинат "Электрохимприбор" от 18.09.2013 №1902-П).
A22: Начальник отдела капитального строительства
A23: ФГУП "Комбинат "Электрохимприбор" | H23: В.В. Моляков
A25: Инженер по проектно-сметной работе | H25: Т.Ш. Ковязина
A27: Согласовано | H27: отд. 028

Sheet НМЦ договора
G1: Приложение №1
G2: к извещению на размещение заказа
G3: на выполнение комплекса работ
G4: по строительству объекта
A8: Определение начальной (максимальной) цены договора генерального подряда
A9: на выполнение строительно-монтажных работ по реконструкции помещений 225, 225а (санпропускник)
A10: на 2014 год
A12: Способ закупки: открытый запрос предложений
G14: ц.2000г./текущие цены, руб.
A15: Наименование услуг и работ (затрат) | C15: Сметная стоимость строительства в базисном уровне цен на 01.01.2000 г. | D15: Сметная стоимость строительства в текущем уровне цен, пресчитанная на момент проведения процедуры закупки | F15: Начальная (максимальная) цена | G15: в том числе по годам строительства
G18: 2014 г.
A22: 1 | C22: 2 | D22: 3 | F22: 4 | G22: 5
A23: СМР | C23: =СМР!K13 -> 271827 | D23: =F23 -> 1625525 | F23: =G23 -> 1625525 | G23: =СМР!P14 -> 1625525
A24: Оборудование | C24: =СМР!L13 -> 0 | D24: =F24 -> 0 | F24: =G24 -> 0 | G24: =СМР!Q14 -> 0
A25: Прочие затраты | C25: =СМР!M13 -> 3827 | D25: =F25 -> 40107 | F25: =G25 -> 40107 | G25: =СМР!R14 -> 40107
A26: Всего: | C26: =SUM(C23:C25) -> 275654 | D26: =F26 -> 1665632 | F26: =G26 -> 1665632 | G26: =SUM(G23:G25) -> 1665632
A27: НДС | D27: =F27 -> 299813.76 | F27: =G27 -> 299813.76 | G27: =СМР!P15+СМР!R15 -> 299813.76
A28: Итого с НДС | D28: =F28 -> 1965445.8 | F28: =G28 -> 1965445.8 | G28: =СМР!P16+СМР!R16 -> 1965445.8
A30: В расчете использованы индексы:
A32: - 5,98 индекс изменения сметной стоимости СМР к ТЕР 2001 (приказ ФГУП "Комбинат "Электрохимприбор" от 18.09.2013 №1902-П); - 10,48 индекс изменения сметной стоимости прочих затрат к ТЕР 2001 (приказ ФГУП "Комбинат "Электрохимприбор" от 18.09.2013 №1902-П).
A34: Начальник отдела капитального строительства
A35: ФГУП "Комбинат "Электрохимприбор" | G35: В.В. Моляков
A37: Инженер по проектно-сметной работе | G37: Т.Ш. Ковязина
A39: Согласовано | G39: отд. 028
